 Dungeon Crawl Stone Soup version 0.30.0-20-g3615ddf2f0 (webtiles) character file.

Game seed: 2474874832745175696

576665 qw the Impregnable (level 27, -12/188 HPs)
             Began as a Gargoyle Fighter on May 28, 2023.
             Was a High Priest of the Shining One.
             Killed by divine providence
             ... invoked by a royal mummy
              (16 damage)
             ... on level 3 of the Tomb of the Ancients.
             The game lasted 00:42:53 (66371 turns).

qw the Impregnable (Gargoyle Fighter)              Turns: 66371, Time: 00:42:54

Health: -12/188    AC: 70    Str: 27 (30) XL:     27
Magic:  21/31      EV: 21    Int:  1 (8)  God:    the Shining One [*****.]
Gold:   8272       SH: 33    Dex: 30      Spells: 26/26 levels left

rFire   . . .        f - +9 broad axe (holy)
rCold   + . .        y - +1 tower shield {AC+3}
rNeg    + + +        x - +1 crystal plate armour of Follow the Leader {Rampage rN++ Dex+8 Stlth-}
rPois   inf          o - +2 hat of Ceats {rC+ Str-3 Int-3 Dex+9}
rElec   +            z - scarf {repulsion}
rCorr   .            h - +3 pair of gloves "Earthly Heaven" {Will+ Int+3 Dex+4}
SInv    .            b - +2 pair of boots
Will    +++..        B - amulet of reflection Stlth
                     g - +5 ring of evasion
HPRegen 0.51/turn    s - +4 ring of protection
MPRegen 0.22/turn

%: repel missiles, reflection, rampage
@: flying, slowed, lost intelligence, glowing, unable to read, very slow
A: sickness immunity, AC +20, big wings, negative energy resistance 1,
electricity resistance, torment resistance 1, petrification resistance, dopey 1,
low MP 1
}: 3/15 runes: decaying, serpentine, silver
a: Renounce Religion, Divine Shield, Cleansing Flame, Summon Divine Warrior


You were on level 3 of the Tomb of the Ancients.
You worshipped the Shining One.
The Shining One was extremely pleased with you.
You visited 11 branches of the dungeon, and saw 50 of its levels.
You also visited: Ossuary.

You collected 11136 gold pieces.
You spent 2864 gold pieces at shops.


Innate Abilities, Weirdness & Mutations

You are immune to sickness and miasma.
Your stone body is resilient. (AC +20)
You are immune to poison.
Your large and strong wings let you fly.
You resist negative energy. (rN+)
You are resistant to electric shocks. (rElec)
You are resistant to unholy torment.
You are immune to petrification.
You are dopey. (Int -2)
Your magical capacity is low. (-10% MP)


   Skills:
 - Level 23.0 Fighting
 - Level 18.0 Axes
 - Level 12.7 Throwing
 + Level 25.6 Armour
 - Level 12.0 Dodging
 - Level 21.7 Shields
 - Level 17.0 Invocations


You had 26 spell levels left.
You didn't know any spells.
Your spell library was empty.

Inventory:

Hand Weapons
 f - a +9 broad axe of holy wrath (weapon)
Missiles
 j - 22 boomerangs
 D - 2 javelins (quivered)
Armour
 b - a +2 pair of boots (worn)
 h - the +3 pair of gloves "Earthly Heaven" (worn) {Will+ Int+3 Dex+4}
   (You acquired it on level 3 of the Snake Pit)

   Int:       It affects your intelligence (+3).
   Dex:       It affects your dexterity (+4).
   Will:      It increases your willpower.
 o - the +2 hat of Ceats (worn) {rC+ Str-3 Int-3 Dex+9}
   (Okawaru gifted it to you on level 3 of the Vaults)

   Str:       It affects your strength (-3).
   Int:       It affects your intelligence (-3).
   Dex:       It affects your dexterity (+9).
   rC:        It protects you from cold.
 x - the +1 crystal plate armour of Follow the Leader (worn) {Rampage rN++ Dex+8 Stlth-}
   (Okawaru gifted it to you on level 2 of the Snake Pit)

   Dex:       It affects your dexterity (+8).
   rN:        It greatly protects you from negative energy.
   Rampage:   It bestows one free step when moving towards enemies.
   Stlth:     It makes you less stealthy.
 y - a +1 tower shield of protection (worn)
 z - a scarf of repulsion (worn)
 E - the +6 chain mail of Qaobear {rF+ rC- rN+ Dex+7}
   (Okawaru gifted it to you on level 4 of the Swamp)

   Dex:       It affects your dexterity (+7).
   rF:        It protects you from fire.
   rC:        It makes you vulnerable to cold.
   rN:        It protects you from negative energy.
 F - a +2 helmet
 G - +0 gold dragon scales
 H - a +2 helmet of see invisible
 L - the +2 pair of gloves of Ruoge {Fly rElec rF+++ Dex-4}
   (You found it on level 5 of the Vaults)

   Dex:       It affects your dexterity (-4).
   rF:        It renders you almost immune to fire.
   rElec:     It insulates you from electricity.
   Fly:       It grants you flight.
 N - a +2 cloak
Jewellery
 g - a +5 ring of evasion (left hand)
 k - a ring of protection from fire
 p - a ring of resist corrosion
 s - a +4 ring of protection (right hand)
 v - a ring of protection from fire
 w - a ring of ice
 B - an amulet of reflection (around neck)
 C - the amulet "Wacizox" {Spirit Fly rElec Dex+5 Stlth+}
   (You found it on level 3 of the Tomb of the Ancients)

   [amulet of guardian spirit]

   It causes incoming damage to be divided between your reserves of health and
   magic.
   Dex:       It affects your dexterity (+5).
   rElec:     It insulates you from electricity.
   Fly:       It grants you flight.
   Stlth:     It makes you more stealthy.
 I - the ring "Quorij" {Drain rC+ rN+ Str+6 Int+6}
   (You found it on level 3 of the Tomb of the Ancients)

   [ring of intelligence]

   Str:       It affects your strength (+6).
   Int:       It affects your intelligence (+6).
   rC:        It protects you from cold.
   rN:        It protects you from negative energy.
   Drain:     It drains your maximum health when unequipped.
 M - the ring "Vugrog Xur" {Ice Dex+4}
   (You took it off Josephina on level 2 of the Realm of Zot)

   [ring of ice]

   It enhances your ice magic.
   Dex:       It affects your dexterity (+4).
   rF:        It makes you vulnerable to fire.
   rC:        It protects you from cold.
Wands
 K - a wand of digging (15)
Scrolls
 c - 14 scrolls of teleportation
 m - 17 scrolls of identify
 A - 4 scrolls of enchant armour
Potions
 a - 7 potions of mutation
 d - 16 potions of might
 e - 27 potions of curing
 i - 5 potions of haste
 l - 7 potions of cancellation
 n - 11 potions of lignification
 q - 6 potions of attraction
 r - a potion of resistance
 u - 5 potions of magic

Dungeon Overview and Level Annotations

Branches:
Dungeon (15/15)            Temple (1/1) D:4            Lair (5/5) D:8
  Swamp (4/4) Lair:3        Snake (4/4) Lair:3        Slime (0/5) Lair:5
    Orc (2/2) D:10            Elf (0/3) Orc:2        Vaults (5/5) D:14
  Crypt (3/3) Vaults:3       Tomb (3/3) Crypt:3      Depths (4/4) D:15
    Zot (4/5) Depths:4    Ossuary (visited)

Altars:
Ashenzari
Cheibriados
Dithmenos
Elyvilon
Fedhas
Gozag
Hepliaklqana
Kikubaaqudgha
Makhleb
Nemelex Xobeh
Okawaru
Qazlal
Ru
Sif Muna
Trog
Uskayaw
Vehumet
Wu Jian
Xom
Yredelemnul
Zin
The Shining One
Jiyva

Shops:
D:3 (   D:5 *   D:7 =   D:10 !   D:11 *   Orc:2 ([([   Snake:2 *!   Snake:4 [[
Vaults:2 (   Depths:1 *:

Portals:
Hell: Depths:1 Depths:2 Depths:3 Depths:4
Abyss: Depths:1 Depths:2 Depths:3
Pandemonium: Depths:2
Ziggurat: Depths:3

Annotations:
D:3 4 runed translucent doors, Crazy Yiuf; qw's ghost, amateur GrFi
Orc:1 1 runed translucent door, Lepuefeh's ghost, journeyman MiBe
Depths:3 2 runed translucent doors


Message History

The emperor scorpion is smitten.
The emperor scorpion barely misses you.
You block the emperor scorpion's attack. x2
You slash the royal mummy!
The royal mummy convulses!
The royal mummy is heavily damaged.
You hit the emperor scorpion but do no damage.
You slash the emperor scorpion! You block the royal mummy's attack.
The skeletal warrior hits you but does no damage.
Your daeva blocks the emperor scorpion's attack. x2
The emperor scorpion claws your daeva.
Your daeva calls down the wrath of the Shining One upon the emperor scorpion.
The emperor scorpion is smitten.
You block the emperor scorpion's attack. x2
The emperor scorpion barely misses you.
Your daeva blocks the mummy's attack.
You block the royal mummy's attack.
You block the skeletal warrior's attack.
You slash the royal mummy!
The royal mummy convulses!
The royal mummy is severely damaged.
You slash the emperor scorpion! x2
You hit the emperor scorpion but do no damage.
You block the emperor scorpion's attack. x2
The emperor scorpion closely misses you.
Your daeva blocks the emperor scorpion's attack.
The emperor scorpion closely misses your daeva.
The emperor scorpion claws your daeva.
You block the emperor scorpion's attack.
The emperor scorpion claws you but does no damage.
The emperor scorpion misses you.
You block the emperor scorpion's attack. x2
The emperor scorpion claws you but does no damage.
Your daeva hits the emperor scorpion with a +5 long sword of holy wrath!!
The emperor scorpion dies!
The emperor scorpion's corpse disappears in a puff of smoke!
The emperor scorpion stings you!
The emperor scorpion claws you but does no damage.
The emperor scorpion misses you.
The royal mummy hits you but does no damage.
The royal mummy gestures at you while chanting.
Something smites you!
You die... #...# #...#.... #...#.^.. #...# ..Z# #...# ...######## #...## .MM....... #....## zs......

##....####sM.#####
#.......s@sAM....
##.......[).¤....
###.............
##############


You could see 2 royal mummies, 4 emperor scorpions, a skeletal warrior, a
guardian mummy, a mummy, a nagaraja zombie and a friendly daeva (summoned,
extremely poisoned).

Vanquished Creatures
  An orb of fire (Zot:4)
  3 ancient liches (Vaults:5)
  Mara (Vaults:5)
  22 royal mummies
  Josephina (Zot:2)
  Vv (Crypt:2)
  Margery (Vaults:5)
  5 curse toes
  6 golden dragons
  Nikola (Snake:2)
  2 bone dragons
  An electric golem (Zot:4)
  8 tentacled monstrosities
  Rupert (D:12)
  Jorgrun (Orc:1)
  Mlioglotl (Snake:3)
  10 liches
  5 deep elf blademasters
  6 quicksilver dragons
  5 deep elf master archers
  Asterion (Snake:2)
  6 ancient champions
  14 titans
  13 sphinxes
  6 death cobs
  A sphinx (shapeshifter) (Vaults:5)
  5 tengu reavers (Vaults:5)
  4 shadow dragons
  Kirke (D:15)
  Donald (Snake:1)
  6 storm dragons
  2 revenants
  8 draconian monks
  A thorn hunter (Swamp:4)
  24 frost giants
  18 fire giants
  3 iron dragons
  3 draconian knights
  5 ghost moths
  A juggernaut zombie (Crypt:3)
  2 hydra zombies (Swamp:4)
  6 draconian scorchers
  5 draconian shifters
  A curse skull (Crypt:2)
  2 draconian stormcallers (Zot:2)
  15 vault wardens
  14 ironbound preservers
  2 ghouls
  3 war gargoyles (Vaults:3)
  3 orc warlords
  29 very ugly things
  8 vampire knights
  A juggernaut skeleton (Crypt:2)
  31 stone giants
  8 ironbound thunderhulks
  7 bennus
  10 green draconians
  18 yellow draconians
  3 bunyips
  4 eleionomae
  A deep elf demonologist (Vaults:3)
  16 black draconians
  9 white draconians
  15 dire elephants
  10 red draconians
  12 purple draconians
  4 deep elf death magi
  5 eidola
  7 ettins
  20 mummy priests
  4 shambling mangroves
  5 great orbs of eyes
  10 jiangshi
  5 fire dragons
  3 ice dragons
  7 yaktaur captains
  An entropy weaver (Vaults:4)
  2 deep elf high priests
  4 rakshasas
  6 salamander tyrants
  21 hydras
  2 ghost crabs
  2 spriggan air magi
  3 ogre magi
  29 vault guards
  2 spriggan skeletons (Crypt:1)
  18 centaur warriors
  9 ironbound frosthearts
  2 peacekeepers (Vaults:3)
  14 anacondas
  6 two-headed ogres
  12 alligators
  7 boulder beetles
  3 death knights
  16 naga warriors
  55 death scarabs
  3 death yaks (Lair:5)
  9 deep troll earth magi
  4 deep troll shamans
  A quicksilver ooze zombie (Crypt:2)
  7 vampire magi
  9 naga sharpshooters
  3 orc high priests (Orc:2)
  10 shock serpents
  3 spriggan berserkers
  A tengu warrior (D:9)
  A storm dragon zombie (Crypt:2)
  Nergalle (D:12)
  8 deep elf knights
  Amaemon (D:8)
  10 hell knights
  A spectral dire elephant (Lair:5)
  2 iron trolls
  3 soul eaters
  7 goliath frogs
  30 skeletal warriors
  2 skysharks
  33 deep trolls
  A golden dragon zombie (Crypt:3)
  An anaconda zombie (Crypt:3)
  A spectral anaconda (Lair:5)
  A storm dragon skeleton (Tomb:2)
  4 sea snakes (Snake:1)
  5 spriggan druids
  4 glowing orange brains
  A quicksilver dragon simulacrum (Zot:2)
  4 salamander mystics
  12 swamp dragons
  3 flayed ghosts
  6 orc knights
  4 phantasmal warriors
  7 deep elf archers
  8 lindwurms
  An obsidian statue (Lair:5)
  A death drake (Swamp:3)
  A bunyip skeleton (Crypt:2)
  A spriggan simulacrum (Crypt:1)
  A fenstrider witch simulacrum (Crypt:2)
  A golden dragon skeleton (Vaults:5)
  9 naga ritualists
  2 bog bodies
  4 spectral hydras
  14 wizards
  5 harpies (Vaults:1)
  19 necromancers
  A sphinx zombie (Vaults:5)
  23 salamanders
  A frost giant zombie (Crypt:1)
  6 deep elf zephyrmancers
  3 orc sorcerers
  11 deep elf pyromancers
  16 ironbound convokers
  3 oklob plants (Swamp:4)
  A fire giant zombie (Vaults:3)
  An iron dragon zombie (Crypt:1)
  2 manticores
  16 mana vipers
  7 will-o-the-wisps
  12 moths of wrath
  34 ugly things
  5 cyclopes
  9 elephants
  A stone giant skeleton (Crypt:3)
  6 centaur zombies (D:10)
  7 guardian serpents
  3 dire elephant zombies
  An orange demon (D:8)
  A fire giant skeleton (Crypt:1)
  12 naga magi
  48 black mambas
  An ice statue (D:11)
  19 vault sentinels
  A cane toad (shapeshifter) (Vaults:5)
  2 gargoyles (D:12)
  20 cane toads
  6 centaur skeletons
  An unseen horror (D:12)
  An orb spider zombie (Crypt:1)
  A hellion (Tomb:1)
  11 komodo dragons
  3 rime drakes
  An efreet (D:14)
  2 unseen horror zombies
  3 tengu conjurers
  A pale draconian skeleton (Crypt:2)
  A catoblepas skeleton (Crypt:3)
  22 yaktaurs
  40 guardian mummies
  2 freezing wraiths
  2 human zombies
  A queen bee (D:15)
  3 harpy zombies
  A merfolk (shapeshifter) (Vaults:5)
  3 meliai (D:15)
  2 bloated husks
  2 unseen horror skeletons (D:10)
  3 death drake zombies (Swamp:4)
  A polar bear (Lair:2)
  12 trolls
  4 harpy skeletons
  2 death drake skeletons (Swamp:4)
  2 spectral elephants (Lair:5)
  A tarantella zombie (Crypt:1)
  A wolf spider simulacrum (D:15)
  A draconian simulacrum (Zot:2)
  16 slime creatures
  6 dream sheep (Lair:4)
  15 blink frogs
  12 hornets
  A fire giant simulacrum (Vaults:3)
  2 slime creatures (shapeshifter) (Vaults:4)
  An ettin zombie (Vaults:3)
  24 flying skulls
  A centaur simulacrum (D:14)
  A water elemental (Depths:3)
  34 yaks
  5 spriggans
  A black mamba skeleton (Crypt:1)
  A spectral fire crab (Lair:3)
  A hog (shapeshifter) (Vaults:5)
  11 ushabtiu
  4 wyverns
  6 shadows
  2 vampires
  14 wraiths
  4 basilisks
  A fire elemental (Lair:2)
  7 humans (D:15)
  An alligator snapping turtle simulacrum (Crypt:2)
  A steam dragon (D:7)
  A purple draconian simulacrum (Zot:2)
  A redback (Vaults:4)
  8 vampire mosquitoes
  A yellow draconian simulacrum (Zot:2)
  2 wargs (Orc:2)
  2 spectral cane toads (Lair:3)
  A yaktaur simulacrum (Vaults:3)
  A death yak simulacrum (Lair:5)
  A glowing shapeshifter zombie (Vaults:5)
  A harpy simulacrum (Crypt:1)
  2 acid dragons
  37 nagas
  23 swamp worms
  15 water moccasins
  A deep troll skeleton (Crypt:1)
  A floating eye (Depths:3)
  5 hydra simulacra
  30 orc warriors
  8 swamp drakes
  A moth of wrath simulacrum (Zot:2)
  A meliai simulacrum (D:14)
  A dream sheep zombie (Crypt:1)
  4 swamp dragon zombies
  3 black bears
  9 ogres
  4 wolves (Lair:1)
  8 centaurs
  An elephant skeleton (Lair:5)
  A swamp dragon skeleton (Swamp:4)
  A phantom (D:6)
  A torpor snail zombie (Crypt:2)
  A kobold brigand (D:8)
  3 necrophages (Crypt:2)
  15 bullfrogs
  2 gnoll sergeants (D:11)
  6 scorpions
  3 cane toad simulacra (Lair:5)
  6 wights
  A polar bear zombie (Crypt:3)
  23 killer bees
  A shapeshifter skeleton (Crypt:2)
  2 vampire bats (Lair:4)
  3 electric eels
  3 howler monkeys
  A lava snake (Lair:2)
  A bullfrog skeleton (Crypt:1)
  4 hounds
  21 orc priests
  A hound (shapeshifter) (Vaults:5)
  4 jellies
  A gnoll bouda (D:5)
  Ijyb (D:5)
  A black bear zombie (Crypt:1)
  3 sleepcaps
  A black bear skeleton (Crypt:2)
  Natasha (thrice) (D:3)
  2 iguanas
  30 orc wizards
  An ogre skeleton (Crypt:2)
  A hound skeleton (Crypt:3)
  33 mummies
  A howler monkey zombie (D:10)
  A howler monkey skeleton (D:10)
  7 adders
  6 gnolls
  4 white imps
  2 ufetubi
  5 worms
  2 dart slugs
  95 orcs
  6 ball pythons
  6 endoplasms
  2 giant cockroaches (D:1)
  8 goblins
  8 hobgoblins
  3 jackals (D:1)
  5 quokkas
  9 bats
  10 frilled lizards
  A frilled lizard zombie (Crypt:1)
  A hobgoblin skeleton (Ossuary)
  A hobgoblin zombie (Ossuary)
  16 kobolds
  A kobold zombie (Ossuary)
  2 orc skeletons (Ossuary)
  2 orc zombies (Ossuary)
  5 rats
  A spectral weapon (Snake:2)
2139 creatures vanquished.

Vanquished Creatures (collateral kills)
  A dread lich (Crypt:3)
  8 royal mummies
  3 deep elf blademasters
  A deep elf master archer (Crypt:3)
  2 ancient champions
  A frost giant (Tomb:1)
  A stone giant (Crypt:2)
  A green draconian (Tomb:1)
  8 bennus (Tomb:3)
  2 red draconians (Tomb:1)
  A purple draconian (Tomb:1)
  An eidolon (Crypt:3)
  4 mummy priests
  A quicksilver dragon zombie (Crypt:3)
  2 spriggan zombies
  2 death scarabs
  A soul eater (Crypt:3)
  An anaconda skeleton (Tomb:3)
  A deep elf zephyrmancer (Tomb:1)
  A purple draconian zombie (Crypt:3)
  11 guardian mummies
  3 ushabtiu
  11 mummies
68 creatures vanquished.

Vanquished Creatures (others)
  An ancient champion (Tomb:3)
  A draconian knight (Zot:2)
  Aizul (Snake:1)
  A broodmother (shapeshifter) (Vaults:5)
  A bennu (Tomb:3)
  A mummy priest (Tomb:3)
  A vault guard (Vaults:5)
  8 death scarabs (Tomb:3)
  A hell knight (Vaults:5)
  A bunyip skeleton (Crypt:1)
  A deep troll (Vaults:3)
  A wizard (Vaults:3)
  A deep elf zephyrmancer (Tomb:1)
  A manticore (D:15)
  A naga mage (Snake:2)
  2 guardian mummies (Tomb:3)
  2 bloated husks
  An orc priest (Orc:1)
  An orc wizard (Orc:1)
  2 mummies
  31 foxfires
61 creatures vanquished.

Grand Total: 2268 creatures vanquished

Notes
Turn   | Place    | Note
-------+----------+-------------------------------------------
     0 | D:1      | qw the Gargoyle Fighter began the quest for the Orb.
     0 | D:1      | Reached XP level 1. HP: 14/14 MP: 1/1
     0 | D:1      | 0 ||| qw: Version: 0.2-a-100-g4e38944
     0 | D:1      | 0 ||| qw: Game counter: 232
     0 | D:1      | 0 ||| qw: Always use a shield: true
     0 | D:1      | 0 ||| qw: God list: Okawaru
     0 | D:1      | 0 ||| qw: Allow faded altars: false
     0 | D:1      | 0 ||| qw: Do Orc after D:15 true
     0 | D:1      | 0 ||| qw: Do second Lair branch before Depths: true
     0 | D:1      | 0 ||| qw: Lair rune preference: random
     0 | D:1      | 0 ||| qw: Plans: Normal, Zot:1-4, God:TSO, Crypt, Tomb,
                  | Pan, Slime:5, Hells, Abyss, Win
     0 | D:1      | 0 ||| PLANNING D:1-11
   151 | D:1      | Reached XP level 2. HP: 18/19 MP: 2/2
   219 | D:1      | 219 ||| Stepping ~*~*~tactically~*~*~ (stealth).
   334 | D:1      | 334 ||| Stepping ~*~*~tactically~*~*~ (stealth).
   335 | D:1      | 335 ||| Stepping ~*~*~tactically~*~*~ (stealth).
   336 | D:1      | 336 ||| Stepping ~*~*~tactically~*~*~ (stealth).
   337 | D:1      | 337 ||| Stepping ~*~*~tactically~*~*~ (hiding).
   413 | D:1      | Reached skill level 3 in Axes
   443 | D:1      | 443 ||| Stepping ~*~*~tactically~*~*~ (stealth).
   452 | D:1      | Reached XP level 3. HP: 23/23 MP: 3/3
   742 | D:1      | 742 ||| UPGRADING to +0 pair of gloves.
   747 | D:1      | 747 ||| DROPPING amulet of faith.
   748 | D:1      | 748 ||| UPGRADING to +5 ring of evasion.
   749 | D:1      | 749 ||| READING 2 scrolls labelled POFRAPSOCW.
   753 | D:1      | 753 ||| READING scroll labelled NIX WIGOAHONT.
   754 | D:1      | 754 ||| READING scroll labelled UMUWUR YMAGHU.
  1182 | D:2      | Reached skill level 1 in Throwing
  1182 | D:2      | Reached XP level 4. HP: 28/28 MP: 4/4
  1361 | D:2      | 1361 ||| Stepping ~*~*~tactically~*~*~ (stealth).
  1462 | D:2      | 1462 ||| DROPPING +6 ring of intelligence.
  1463 | D:2      | 1463 ||| DROPPING ring of magical power.
  1464 | D:2      | 1464 ||| READING scroll labelled OTUELU QYTWE.
  1465 | D:2      | 1465 ||| READING scroll labelled UTZUMPOXAC.
  1486 | D:2      | 1486 ||| DRINKING 2 smoky orange potions.
  1517 | D:3      | Found a runed translucent gate.
  1517 | D:3      | Found a runed translucent gate.
  1517 | D:3      | Found a runed translucent gate.
  1520 | D:3      | Noticed qw's ghost (amateur GrFi)
  1718 | D:3      | Found Oganoh's Weapon Emporium.
  1733 | D:3      | Noticed Natasha
  1736 | D:3      | Killed Natasha
  1863 | D:3      | Noticed Natasha
  1867 | D:3      | Killed Natasha
  1868 | D:3      | Reached XP level 5. HP: 32/32 MP: 5/5
  1947 | D:3      | Noticed Natasha
  1948 | D:3      | 1948 ||| Stepping ~*~*~tactically~*~*~ (stealth).
  1950 | D:3      | 1950 ||| Stepping ~*~*~tactically~*~*~ (hiding).
  1951 | D:3      | 1951 ||| Stepping ~*~*~tactically~*~*~ (hiding).
  1955 | D:3      | Killed Natasha
  2140 | D:3      | Found a runed translucent door.
  2141 | D:3      | Noticed Crazy Yiuf
  2210 | D:3      | 2210 ||| Stepping ~*~*~tactically~*~*~ (stealth).
  2446 | D:3      | 2446 ||| UPGRADING to +0 chain mail.
  2456 | D:3      | 2456 ||| DROPPING +0 scale mail.
  2457 | D:3      | 2457 ||| READING scroll labelled HOMAWK RIMO.
  2479 | D:4      | 2479 ||| PLANNING SEWER
  2630 | D:4      | 2630 ||| Stepping ~*~*~tactically~*~*~ (hiding).
  2739 | D:4      | Found a shimmering blue altar of Sif Muna.
  2747 | D:4      | 2747 ||| Stepping ~*~*~tactically~*~*~ (stealth).
  2757 | D:4      | Reached XP level 6. HP: 38/38 MP: 6/6
  2775 | D:4      | 2775 ||| Stepping ~*~*~tactically~*~*~ (hiding).
  2776 | D:4      | 2776 ||| Stepping ~*~*~tactically~*~*~ (hiding).
  2777 | D:4      | 2777 ||| Stepping ~*~*~tactically~*~*~ (hiding).
  2778 | D:4      | 2778 ||| Stepping ~*~*~tactically~*~*~ (hiding).
  2795 | D:4      | 2795 ||| FLEEEEING.
  2796 | D:4      | 2796 ||| FLEEEEING.
  2797 | D:4      | 2797 ||| FLEEEEING.
  2840 | D:4      | Found a glowing drain.
  2841 | D:4      | 2841 ||| UPGRADING to ring of protection from fire.
  2842 | D:4      | 2842 ||| READING 2 scrolls labelled CITAUD ITOY.
  2856 | D:4      | 2856 ||| Stepping ~*~*~tactically~*~*~ (stealth).
  2929 | D:4      | 2929 ||| STAIRDANCE
  2965 | D:4      | 2965 ||| STAIRDANCE
  3001 | D:4      | 3001 ||| STAIRDANCE
  3037 | D:4      | 3037 ||| STAIRDANCE
  3073 | D:4      | 3073 ||| STAIRDANCE
  3109 | D:4      | 3109 ||| STAIRDANCE
  3145 | D:4      | 3145 ||| STAIRDANCE
  3180 | D:4      | 3180 ||| RIP SEWER
  3181 | D:4      | 3181 ||| PLANNING D:1-11
  3256 | D:4      | Found a staircase to the Ecumenical Temple.
  3257 | D:4      | 3257 ||| PLANNING TEMPLE
  3257 | D:4      | 3257 ||| READING scroll labelled SETOPA QIXA.
  3266 | Temple   | Entered the Ecumenical Temple
  3274 | Temple   | 3274 ||| PLANNING OKAWARU WORSHIP
  3429 | Temple   | Became a worshipper of Warmaster Okawaru
  3429 | Temple   | 3429 ||| PLANNING D:1-11
  3495 | D:4      | 3495 ||| DROPPING +0 whip.
  3514 | D:4      | Found a blossoming altar of Fedhas.
  3727 | D:4      | 3727 ||| Stepping ~*~*~tactically~*~*~ (stealth).
  4025 | D:4      | Found a hide-covered altar of Uskayaw.
  4082 | D:4      | 4082 ||| Stepping ~*~*~tactically~*~*~ (water).
  4191 | D:4      | 4191 ||| READING 2 scrolls labelled YRIABA YROSUOM.
  4192 | D:4      | 4192 ||| DRINKING 2 puce potions.
  4297 | D:4      | 4297 ||| DROPPING scroll of magic mapping.
  4298 | D:4      | 4298 ||| DROPPING potion of berserk rage.
  4334 | D:5      | Entered Level 5 of the Dungeon
  4360 | D:5      | Reached skill level 6 in Axes
  4362 | D:5      | 4362 ||| Stepping ~*~*~tactically~*~*~ (hiding).
  4364 | D:5      | 4364 ||| Stepping ~*~*~tactically~*~*~ (hiding).
  4371 | D:5      | Reached XP level 7. HP: 38/43 MP: 7/7
  4393 | D:5      | 4393 ||| FLEEEEING.
  4394 | D:5      | 4394 ||| FLEEEEING.
  4395 | D:5      | 4395 ||| FLEEEEING.
  4417 | D:5      | Found Jane's Lightly-Used Armoury.
  4426 | D:5      | 4426 ||| Stepping ~*~*~tactically~*~*~ (hiding).
  4427 | D:5      | 4427 ||| Stepping ~*~*~tactically~*~*~ (hiding).
  4442 | D:5      | Reached skill level 1 in Dodging
  4443 | D:5      | HP: 8/43 [gnoll/+0 halberd[a gnoll bouda] (7)]
  4444 | D:5      | 4444 ||| READING 2 scrolls of teleportation.
  4450 | D:5      | 4450 ||| READING scroll of teleportation.
  4451 | D:5      | HP: 7/43 [scorpion (2)]
  4452 | D:5      | HP: 3/43 [scorpion (5)]
  4653 | D:5      | 4653 ||| Stepping ~*~*~tactically~*~*~ (hiding).
  4673 | D:5      | 4673 ||| BUYING -2 eveningstar (75 gold).
  4673 | D:5      | Bought a -2 eveningstar for 75 gold pieces
  4673 | D:5      | 4673 ||| SHOPLISTING -3 crystal plate armour (975 gold,
                  | have 136).
  4673 | D:5      | 4673 ||| DROPPING +0 flail.
  4739 | D:5      | Noticed Ijyb
  4740 | D:5      | 4740 ||| Stepping ~*~*~tactically~*~*~ (hiding).
  4741 | D:5      | 4741 ||| Stepping ~*~*~tactically~*~*~ (hiding).
  4742 | D:5      | 4742 ||| Stepping ~*~*~tactically~*~*~ (hiding).
  4753 | D:5      | Killed Ijyb
  4753 | D:5      | Reached * piety under Okawaru
  4856 | D:5      | 4856 ||| Stepping ~*~*~tactically~*~*~ (hiding).
  5149 | D:5      | 5149 ||| INVOKING Heroism.
  5150 | D:5      | 5150 ||| INVOKING Heroism.
  5235 | D:5      | 5235 ||| Stepping ~*~*~tactically~*~*~ (stealth).
  5240 | D:5      | 5240 ||| Stepping ~*~*~tactically~*~*~ (stealth).
  5242 | D:5      | 5242 ||| Stepping ~*~*~tactically~*~*~ (stealth).
  5249 | D:5      | Reached skill level 1 in Invocations
  5293 | D:5      | 5293 ||| Stepping ~*~*~tactically~*~*~ (hiding).
  5325 | D:5      | 5325 ||| INVOKING Heroism.
  5330 | D:5      | Reached XP level 8. HP: 48/48 MP: 6/9
  5428 | D:5      | 5428 ||| DROPPING orb of wrath.
  5429 | D:5      | 5429 ||| UPGRADING to +0 pair of boots.
  5434 | D:5      | 5434 ||| READING scroll labelled JOTTUKKAOH.
  5435 | D:5      | 5435 ||| READING scroll labelled QYM VUONGIAM.
  5436 | D:5      | 5436 ||| DRINKING 2 cyan potions.
  5533 | D:6      | Reached skill level 3 in Invocations
  5630 | D:6      | Found a hazy altar of Hepliaklqana.
  5634 | D:6      | 5634 ||| READING 3 scrolls of identify.
  5634 | D:6      | 5634 ||| IDENTIFYING golden potion
  5635 | D:6      | 5635 ||| READING 2 scrolls of identify.
  5635 | D:6      | 5635 ||| IDENTIFYING silvery potion
  5662 | D:6      | Identified the +6 plate armour "Baujuleu" {rC- Str+4}
  5728 | D:6      | 5728 ||| INVOKING Heroism.
  5792 | D:6      | 5792 ||| Stepping ~*~*~tactically~*~*~ (stealth).
  5793 | D:6      | 5793 ||| Stepping ~*~*~tactically~*~*~ (stealth).
  5828 | D:6      | 5828 ||| Stepping ~*~*~tactically~*~*~ (stealth).
  6090 | D:6      | 6090 ||| READING scroll of enchant weapon.
  6090 | D:6      | 6090 ||| ENCHANTING +1 heavy war axe.
  6156 | D:6      | 6156 ||| Stepping ~*~*~tactically~*~*~ (stealth).
  6162 | D:6      | 6162 ||| Stepping ~*~*~tactically~*~*~ (stealth).
  6164 | D:6      | 6164 ||| Stepping ~*~*~tactically~*~*~ (stealth).
  6176 | D:6      | 6176 ||| INVOKING Heroism.
  6216 | D:6      | 6216 ||| UPGRADING to +6 plate armour "Baujuleu" {rC-
                  | Str+4}.
  6226 | D:6      | 6226 ||| DROPPING +0 chain mail.
  6227 | D:6      | 6227 ||| UPGRADING to +0 kite shield.
  6237 | D:6      | 6237 ||| DROPPING +0 buckler.
  6238 | D:6      | 6238 ||| READING scroll labelled MAKOAT PENKUALLUI.
  6239 | D:6      | 6239 ||| DRINKING 2 smoky pink potions.
  6240 | D:6      | 6240 ||| READING 2 scrolls of identify.
  6240 | D:6      | 6240 ||| IDENTIFYING inky potion
  6282 | D:7      | 6282 ||| PLANNING OSSUARY
  6326 | D:7      | Found a sand-covered staircase.
  6342 | Ossuary  | Entered an ossuary
  6424 | Ossuary  | Noticed a wraith
  6424 | Ossuary  | Noticed a flying skull
  6437 | Ossuary  | Noticed a flying skull
  6437 | Ossuary  | Noticed a flying skull
  6457 | Ossuary  | Noticed a flying skull
  6482 | Ossuary  | Reached XP level 9. HP: 49/54 MP: 12/12
  6514 | Ossuary  | Reached ** piety under Okawaru
  6515 | Ossuary  | Reached skill level 6 in Shields
  6570 | Ossuary  | Reached skill level 4 in Armour
  6612 | Ossuary  | 6612 ||| DRINKING 3 fizzy yellow potions.
  6613 | Ossuary  | 6613 ||| DRINKING 2 grey potions.
  6614 | Ossuary  | 6614 ||| DRINKING 4 potions of curing.
  6614 | Ossuary  | 6614 ||| (to cure confusion)
  6615 | Ossuary  | 6615 ||| READING 3 scrolls of identify.
  6615 | Ossuary  | 6615 ||| IDENTIFYING dark potion
  6616 | Ossuary  | 6616 ||| READING 2 scrolls of identify.
  6616 | Ossuary  | 6616 ||| IDENTIFYING fuming brown potion
  6617 | Ossuary  | 6617 ||| DROPPING 2 potions of brilliance.
  6618 | Ossuary  | 6618 ||| DROPPING potion of degeneration.
  6619 | Ossuary  | 6619 ||| DROPPING potion of ambrosia.
  6669 | D:7      | 6669 ||| PLANNING D:1-11
  6722 | D:7      | Found a broken altar of Ashenzari.
  6733 | D:7      | Found Yxoampueme's Jewellery Shoppe.
  6739 | D:7      | 6739 ||| INVOKING Heroism.
  6747 | D:7      | 6747 ||| Stepping ~*~*~tactically~*~*~ (hiding).
  6753 | D:7      | Found a flagged portal.
  6867 | D:7      | 6867 ||| SHOPLISTING +4 ring of protection (576 gold, have
                  | 306).
  6867 | D:7      | 6867 ||| SHOPLISTING +4 ring of slaying (1248 gold, have
                  | 306).
  6867 | D:7      | 6867 ||| SHOPLISTING +6 ring of dexterity (576 gold, have
                  | 306).
  6867 | D:7      | 6867 ||| SHOPLISTING amulet of reflection (480 gold, have
                  | 306).
  6874 | D:7      | 6874 ||| INVOKING Heroism.
  6961 | D:7      | Found a glowing golden altar of the Shining One.
  7241 | D:7      | 7241 ||| UPGRADING to +4 ring of protection.
  7243 | D:7      | 7243 ||| READING 2 scrolls of identify.
  7243 | D:7      | 7243 ||| IDENTIFYING fuming purple potion
  7291 | D:8      | 7291 ||| Stepping ~*~*~tactically~*~*~ (stealth).
  7294 | D:8      | Reached skill level 5 in Armour
  7366 | D:8      | Found a staircase to the Lair.
  7368 | D:8      | 7368 ||| Stepping ~*~*~tactically~*~*~ (stealth).
  7370 | D:8      | 7370 ||| Stepping ~*~*~tactically~*~*~ (stealth).
  7377 | D:8      | Reached skill level 6 in Fighting
  7382 | D:8      | Reached *** piety under Okawaru
  7448 | D:8      | Found a radiant altar of Vehumet.
  7579 | D:8      | 7579 ||| INVOKING Heroism.
  7831 | D:8      | Noticed a troll
  7832 | D:8      | 7832 ||| INVOKING Heroism.
  7835 | D:8      | Killed a troll
  8110 | D:8      | Noticed an orange demon
  8111 | D:8      | Noticed Amaemon
  8112 | D:8      | 8112 ||| INVOKING Heroism.
  8120 | D:8      | Killed an orange demon
  8121 | D:8      | Reached XP level 10. HP: 45/60 MP: 11/13
  8127 | D:8      | 8127 ||| INVOKING Heroism.
  8130 | D:8      | Killed Amaemon
  8131 | D:8      | Reached skill level 9 in Axes
  8183 | D:8      | 8183 ||| DROPPING -2 eveningstar.
  8303 | D:8      | Noticed a two-headed ogre
  8304 | D:8      | 8304 ||| INVOKING Heroism.
  8313 | D:8      | Killed a two-headed ogre
  8314 | D:8      | Reached skill level 6 in Armour
  8439 | D:8      | 8439 ||| PLANNING LAIR
  8439 | D:8      | 8439 ||| DROPPING +4 ring of slaying {mikee}.
  8440 | D:8      | 8440 ||| DROPPING ring of wizardry.
  8441 | D:8      | 8441 ||| READING scroll labelled HOAQUCUREU.
  8441 | D:8      | Identified a scroll of acquirement
  8441 | D:8      | 8441 ||| ACQUIRING 1255 gold pieces
  8441 | D:8      | Acquired 1255 gold pieces
  8495 | Lair:1   | Entered Level 1 of the Lair of Beasts
  8496 | Lair:1   | 8496 ||| INVOKING Heroism.
  8499 | Lair:1   | Noticed a cane toad
  8506 | Lair:1   | Killed a cane toad
  8511 | Lair:1   | Reached skill level 9 in Shields
  8513 | Lair:1   | 8513 ||| INVOKING Heroism.
  8559 | Lair:1   | 8559 ||| INVOKING Heroism.
  8607 | Lair:1   | Noticed a black mamba
  8608 | Lair:1   | 8608 ||| INVOKING Heroism.
  8614 | Lair:1   | Killed a black mamba
  8614 | Lair:1   | Reached **** piety under Okawaru
  8686 | Lair:1   | 8686 ||| INVOKING Heroism.
  8719 | Lair:1   | Noticed a cane toad
  8721 | Lair:1   | Reached XP level 11. HP: 63/67 MP: 14/14
  8782 | Lair:1   | 8782 ||| INVOKING Heroism.
  8889 | Lair:1   | 8889 ||| Stepping ~*~*~tactically~*~*~ (hiding).
  8890 | Lair:1   | 8890 ||| Stepping ~*~*~tactically~*~*~ (hiding).
  9086 | Lair:1   | Reached skill level 3 in Throwing
  9236 | Lair:1   | 9236 ||| READING 3 scrolls of identify.
  9236 | Lair:1   | 9236 ||| IDENTIFYING lumpy golden potion
  9237 | Lair:1   | 9237 ||| READING 2 scrolls of identify.
  9237 | Lair:1   | 9237 ||| IDENTIFYING pink potion
  9238 | Lair:1   | 9238 ||| DROPPING potion of invisibility.
  9263 | Lair:2   | Noticed a skyshark
  9272 | Lair:2   | Killed a skyshark
  9273 | Lair:2   | Reached skill level 7 in Armour
  9330 | Lair:2   | 9330 ||| Stepping ~*~*~tactically~*~*~ (hiding).
  9336 | Lair:2   | 9336 ||| INVOKING Heroism.
  9624 | Lair:2   | 9624 ||| INVOKING Heroism.
  9690 | Lair:2   | Noticed a four-headed hydra
  9692 | Lair:2   | 9692 ||| INVOKING Heroism.
  9694 | Lair:2   | 9694 ||| SWAPPING to +1 demon whip of venom.
  9701 | Lair:2   | Killed a four-headed hydra
  9702 | Lair:2   | Reached skill level 6 in Invocations
  9702 | Lair:2   | 9702 ||| SWAPPING to +2 heavy war axe.
  9705 | Lair:2   | 9705 ||| Stepping ~*~*~tactically~*~*~ (stealth).
  9719 | Lair:2   | 9719 ||| Stepping ~*~*~tactically~*~*~ (stealth).
  9720 | Lair:2   | 9720 ||| FLEEEEING.
  9743 | Lair:2   | 9743 ||| INVOKING Heroism.
  9941 | Lair:2   | 9941 ||| INVOKING Heroism.
  9946 | Lair:2   | Received a gift from Okawaru
  9972 | Lair:2   | 9972 ||| INVOKING Heroism.
 10026 | Lair:2   | 10026 ||| INVOKING Heroism.
 10156 | Lair:2   | Noticed a four-headed hydra
 10157 | Lair:2   | 10157 ||| INVOKING Heroism.
 10161 | Lair:2   | 10161 ||| SWAPPING to +1 demon whip of venom.
 10166 | Lair:2   | Killed a four-headed hydra
 10167 | Lair:2   | 10167 ||| SWAPPING to +2 heavy war axe.
 10197 | Lair:2   | 10197 ||| INVOKING Heroism.
 10201 | Lair:2   | Reached XP level 12. HP: 73/73 MP: 15/18
 10424 | Lair:2   | 10424 ||| INVOKING Heroism.
 10465 | Lair:2   | 10465 ||| UPGRADING to +1 pair of boots.
 10475 | Lair:2   | 10475 ||| DROPPING +0 pair of boots.
 10476 | Lair:2   | 10476 ||| READING scroll labelled SANGAO ETOOP.
 10668 | Lair:3   | Reached skill level 9 in Invocations
 10668 | Lair:3   | 10668 ||| INVOKING Heroism.
 10671 | Lair:3   | Received a gift from Okawaru
 10778 | Lair:3   | Noticed a four-headed hydra
 10778 | Lair:3   | 10778 ||| INVOKING Heroism.
 10781 | Lair:3   | Reached skill level 9 in Fighting
 10783 | Lair:3   | 10783 ||| SWAPPING to +1 demon whip of venom.
 10789 | Lair:3   | Killed a four-headed hydra
 10790 | Lair:3   | 10790 ||| SWAPPING to +2 heavy war axe.
 10898 | Lair:3   | 10898 ||| Stepping ~*~*~tactically~*~*~ (hiding).
 10904 | Lair:3   | Reached ***** piety under Okawaru
 10986 | Lair:3   | Reached skill level 8 in Armour
 11243 | Lair:3   | 11243 ||| INVOKING Heroism.
 11247 | Lair:3   | 11247 ||| SWAPPING to +1 demon whip of venom.
 11251 | Lair:3   | 11251 ||| SWAPPING to +2 heavy war axe.
 11262 | Lair:3   | Noticed a ghost crab
 11264 | Lair:3   | Found a staircase to the Swamp.
 11265 | Lair:3   | 11265 ||| SWAPPING to +1 demon whip of venom.
 11277 | Lair:3   | Killed a ghost crab
 11278 | Lair:3   | 11278 ||| SWAPPING to +2 heavy war axe.
 11282 | Lair:3   | 11282 ||| INVOKING Heroism.
 11546 | Lair:3   | 11546 ||| Stepping ~*~*~tactically~*~*~ (hiding).
 11548 | Lair:3   | 11548 ||| Stepping ~*~*~tactically~*~*~ (hiding).
 11563 | Lair:3   | Found a staircase to the Snake Pit.
 11683 | Lair:3   | 11683 ||| Stepping ~*~*~tactically~*~*~ (hiding).
 11740 | Lair:3   | 11740 ||| READING 3 scrolls of identify.
 11740 | Lair:3   | 11740 ||| IDENTIFYING fizzy ruby potion
 11741 | Lair:3   | 11741 ||| DRINKING potion of experience.
 11741 | Lair:3   | Reached XP level 13. HP: 80/80 MP: 20/20
 11742 | Lair:3   | 11742 ||| DROPPING potion of flight.
 11821 | Lair:4   | 11821 ||| INVOKING Heroism.
 11891 | Lair:4   | Found a dark tunnel.
 11912 | Lair:4   | 11912 ||| INVOKING Heroism.
 11913 | Lair:4   | 11913 ||| Stepping ~*~*~tactically~*~*~ (stealth).
 11914 | Lair:4   | 11914 ||| INVOKING Finesse.
 11918 | Lair:4   | 11918 ||| SWAPPING to +1 demon whip of venom.
 11927 | Lair:4   | 11927 ||| SWAPPING to +2 heavy war axe.
 12000 | Lair:4   | You fall into a shaft and drop 1 floor!
 12000 | Lair:5   | Entered Level 5 of the Lair of Beasts
 12028 | Lair:5   | 12028 ||| SWAPPING to +2 heavy broad axe.
 12029 | Lair:5   | 12029 ||| DROPPING +2 heavy war axe.
 12038 | Lair:5   | 12038 ||| INVOKING Heroism.
 12081 | Lair:5   | Gained mutation: Your large and strong wings let you fly.
                  | [Gargoyle growth]
 12081 | Lair:5   | Reached XP level 14. HP: 77/87 MP: 21/21
 12127 | Lair:4   | 12127 ||| INVOKING Heroism.
 12128 | Lair:4   | 12128 ||| INVOKING Finesse.
 12131 | Lair:4   | 12131 ||| SWAPPING to +1 demon whip of venom.
 12150 | Lair:4   | 12150 ||| SWAPPING to +2 heavy broad axe.
 12160 | Lair:4   | 12160 ||| Stepping ~*~*~tactically~*~*~ (stealth).
 12164 | Lair:4   | 12164 ||| Stepping ~*~*~tactically~*~*~ (stealth).
 12166 | Lair:4   | 12166 ||| Stepping ~*~*~tactically~*~*~ (stealth).
 12188 | Lair:4   | 12188 ||| Stepping ~*~*~tactically~*~*~ (stealth).
 12189 | Lair:4   | 12189 ||| Stepping ~*~*~tactically~*~*~ (stealth).
 12200 | Lair:4   | Received a gift from Okawaru
 12210 | Lair:4   | 12210 ||| DROPPING +2 war axe of venom.
 12250 | Lair:4   | 12250 ||| INVOKING Heroism.
 12251 | Lair:4   | 12251 ||| INVOKING Finesse.
 12256 | Lair:4   | 12256 ||| SWAPPING to +1 demon whip of venom.
 12260 | Lair:4   | Reached skill level 9 in Armour
 12260 | Lair:4   | 12260 ||| SWAPPING to +2 heavy broad axe.
 12410 | Lair:4   | 12410 ||| FLEEEEING.
 12411 | Lair:4   | 12411 ||| FLEEEEING.
 12412 | Lair:4   | 12412 ||| FLEEEEING.
 12418 | Lair:4   | 12418 ||| INVOKING Heroism.
 12419 | Lair:4   | 12419 ||| INVOKING Finesse.
 12593 | Lair:4   | 12593 ||| Stepping ~*~*~tactically~*~*~ (stealth).
 12595 | Lair:4   | 12595 ||| INVOKING Heroism.
 12596 | Lair:4   | 12596 ||| INVOKING Finesse.
 12601 | Lair:4   | 12601 ||| SWAPPING to +1 demon whip of venom.
 12606 | Lair:4   | 12606 ||| SWAPPING to +2 heavy broad axe.
 12861 | Lair:4   | 12861 ||| INVOKING Heroism.
 12863 | Lair:4   | 12863 ||| SWAPPING to +1 demon whip of venom.
 12875 | Lair:4   | 12875 ||| SWAPPING to +2 heavy broad axe.
 13009 | Lair:4   | 13009 ||| READING 2 scrolls labelled QAKKEWK WUTS.
 13010 | Lair:4   | 13010 ||| DROPPING scroll of poison.
 13165 | Lair:5   | Noticed a dire elephant
 13166 | Lair:5   | 13166 ||| INVOKING Heroism.
 13166 | Lair:5   | Noticed a dire elephant
 13178 | Lair:5   | Noticed a dire elephant
 13179 | Lair:5   | Noticed a dire elephant
 13181 | Lair:5   | Noticed a dire elephant
 13191 | Lair:5   | Killed a dire elephant
 13192 | Lair:5   | Killed a dire elephant
 13194 | Lair:5   | 13194 ||| INVOKING Heroism.
 13195 | Lair:5   | Killed a dire elephant
 13201 | Lair:5   | 13201 ||| Stepping ~*~*~tactically~*~*~ (stealth).
 13214 | Lair:5   | 13214 ||| Stepping ~*~*~tactically~*~*~ (stealth).
 13387 | Lair:5   | Noticed a dire elephant
 13388 | Lair:5   | 13388 ||| INVOKING Heroism.
 13393 | Lair:5   | Killed a dire elephant
 13591 | Lair:5   | Reached skill level 10 in Armour
 13608 | Lair:5   | 13608 ||| Stepping ~*~*~tactically~*~*~ (stealth).
 13611 | Lair:5   | 13611 ||| INVOKING Heroism.
 13619 | Lair:5   | Killed a dire elephant
 13624 | Lair:5   | Reached skill level 12 in Shields
 13627 | Lair:5   | Killed a dire elephant
 13775 | Lair:5   | 13775 ||| INVOKING Heroism.
 13776 | Lair:5   | 13776 ||| INVOKING Finesse.
 13867 | Lair:5   | Received a gift from Okawaru
 13887 | Lair:5   | 13887 ||| Stepping ~*~*~tactically~*~*~ (stealth).
 14056 | Lair:5   | Found a viscous altar of Jiyva.
 14188 | Lair:5   | Found a staircase to the Slime Pits.
 14193 | Lair:5   | 14193 ||| INVOKING Heroism.
 14297 | Lair:5   | 14297 ||| INVOKING Heroism.
 14528 | Lair:5   | 14528 ||| Stepping ~*~*~tactically~*~*~ (stealth).
 14529 | Lair:5   | 14529 ||| INVOKING Heroism.
 14530 | Lair:5   | 14530 ||| INVOKING Finesse.
 14587 | Lair:5   | Reached XP level 15. HP: 84/94 MP: 22/22
 14639 | Lair:5   | Reached skill level 15 in Axes
 14656 | Lair:5   | Identified the +10 spear of Jamafion {freeze, rElec Stlth+}
 14761 | Lair:5   | 14761 ||| PLANNING D:1-11
 14909 | D:9      | Received a gift from Okawaru
 14910 | D:9      | 14910 ||| Stepping ~*~*~tactically~*~*~ (hiding).
 14954 | D:9      | 14954 ||| Stepping ~*~*~tactically~*~*~ (hiding).
 15108 | D:9      | 15108 ||| Stepping ~*~*~tactically~*~*~ (hiding).
 15281 | D:9      | 15281 ||| Stepping ~*~*~tactically~*~*~ (hiding).
 15283 | D:9      | 15283 ||| Stepping ~*~*~tactically~*~*~ (hiding).
 15497 | D:9      | 15497 ||| UPGRADING to +0 cloak.
 15524 | D:10     | Entered Level 10 of the Dungeon
 15550 | D:10     | 15550 ||| Stepping ~*~*~tactically~*~*~ (stealth).
 15559 | D:10     | Found a shadowy altar of Dithmenos.
 15570 | D:10     | Found an ancient bone altar of Kikubaaqudgha.
 15571 | D:10     | Found a burning altar of Makhleb.
 15575 | D:10     | 15575 ||| Stepping ~*~*~tactically~*~*~ (hiding).
 15576 | D:10     | 15576 ||| Stepping ~*~*~tactically~*~*~ (hiding).
 15754 | D:10     | Found a staircase to the Orcish Mines.
 15825 | D:10     | 15825 ||| INVOKING Heroism.
 15838 | D:10     | Reached skill level 11 in Armour
 15842 | D:10     | Reached skill level 12 in Fighting
 15852 | D:10     | Reached skill level 3 in Dodging
 15854 | D:10     | HP: 24/96 [skeletal warrior/+0 trident (5)]
 15855 | D:10     | 15855 ||| READING 7 scrolls of teleportation.
 15856 | D:10     | 15856 ||| DRINKING potion of heal wounds.
 15864 | D:10     | 15864 ||| INVOKING Heroism.
 15924 | D:10     | 15924 ||| Stepping ~*~*~tactically~*~*~ (stealth).
 15925 | D:10     | 15925 ||| Stepping ~*~*~tactically~*~*~ (stealth).
 15926 | D:10     | 15926 ||| INVOKING Heroism.
 15977 | D:10     | 15977 ||| Stepping ~*~*~tactically~*~*~ (stealth).
 15983 | D:10     | 15983 ||| Stepping ~*~*~tactically~*~*~ (stealth).
 16043 | D:10     | 16043 ||| Stepping ~*~*~tactically~*~*~ (stealth).
 16102 | D:10     | 16102 ||| Stepping ~*~*~tactically~*~*~ (hiding).
 16108 | D:10     | 16108 ||| INVOKING Heroism.
 16117 | D:10     | Received a gift from Okawaru
 16136 | D:10     | Found Nysul's Distillery.
 16139 | D:10     | 16139 ||| BUYING potion of heal wounds (70 gold).
 16139 | D:10     | Bought a potion of heal wounds for 70 gold pieces
 16139 | D:10     | 16139 ||| BUYING potion of heal wounds (70 gold).
 16139 | D:10     | Bought a potion of heal wounds for 70 gold pieces
 16139 | D:10     | 16139 ||| BUYING potion of heal wounds (70 gold).
 16139 | D:10     | Bought a potion of heal wounds for 70 gold pieces
 16139 | D:10     | 16139 ||| BUYING potion of might (56 gold).
 16139 | D:10     | Bought a potion of might for 56 gold pieces
 16139 | D:10     | 16139 ||| BUYING potion of might (56 gold).
 16139 | D:10     | Bought a potion of might for 56 gold pieces
 16139 | D:10     | 16139 ||| BUYING potion of mutation (112 gold).
 16139 | D:10     | Bought a potion of mutation for 112 gold pieces
 16165 | D:10     | 16165 ||| Stepping ~*~*~tactically~*~*~ (stealth).
 16297 | D:10     | 16297 ||| Stepping ~*~*~tactically~*~*~ (hiding).
 16298 | D:10     | 16298 ||| Stepping ~*~*~tactically~*~*~ (hiding).
 16650 | D:10     | 16650 ||| READING scroll labelled ALLIYS RAM.
 16673 | D:11     | 16673 ||| Stepping ~*~*~tactically~*~*~ (stealth).
 16819 | D:11     | 16819 ||| Stepping ~*~*~tactically~*~*~ (hiding).
 16820 | D:11     | 16820 ||| Stepping ~*~*~tactically~*~*~ (hiding).
 16928 | D:11     | 16928 ||| READING scroll of enchant armour.
 16928 | D:11     | 16928 ||| ENCHANTING +0 pair of gloves.
 17067 | D:11     | 17067 ||| Stepping ~*~*~tactically~*~*~ (hiding).
 17180 | D:11     | 17180 ||| READING scroll of brand weapon.
 17180 | D:11     | 17180 ||| BRANDING +2 heavy broad axe.
 17184 | D:11     | Found Ujoc's General Store.
 17194 | D:11     | 17194 ||| BUYING potion of curing (45 gold).
 17194 | D:11     | Bought a potion of curing for 45 gold pieces
 17350 | D:11     | 17350 ||| Stepping ~*~*~tactically~*~*~ (stealth).
 17370 | D:11     | Received a gift from Okawaru
 17400 | D:11     | 17400 ||| Stepping ~*~*~tactically~*~*~ (stealth).
 17450 | D:11     | 17450 ||| Stepping ~*~*~tactically~*~*~ (hiding).
 17451 | D:11     | 17451 ||| Stepping ~*~*~tactically~*~*~ (hiding).
 17502 | D:11     | 17502 ||| Stepping ~*~*~tactically~*~*~ (hiding).
 17511 | D:11     | 17511 ||| Stepping ~*~*~tactically~*~*~ (stealth).
 17515 | D:11     | 17515 ||| INVOKING Heroism.
 17516 | D:11     | 17516 ||| INVOKING Finesse.
 17532 | D:11     | 17532 ||| Stepping ~*~*~tactically~*~*~ (cloud).
 17600 | D:11     | 17600 ||| Stepping ~*~*~tactically~*~*~ (stealth).
 17605 | D:11     | 17605 ||| INVOKING Heroism.
 17673 | D:11     | 17673 ||| FLEEEEING.
 17674 | D:11     | 17674 ||| FLEEEEING.
 17675 | D:11     | 17675 ||| FLEEEEING.
 17676 | D:11     | 17676 ||| FLEEEEING.
 17683 | D:11     | 17683 ||| FLEEEEING.
 17687 | D:11     | 17687 ||| FLEEEEING.
 17688 | D:11     | 17688 ||| FLEEEEING.
 17690 | D:11     | 17690 ||| FLEEEEING.
 17691 | D:11     | 17691 ||| INVOKING Heroism.
 17934 | D:11     | 17934 ||| PLANNING D
 17934 | D:11     | 17934 ||| UPGRADING to amulet of regeneration.
 17977 | D:12     | 17977 ||| READING scroll of enchant weapon.
 17977 | D:12     | 17977 ||| ENCHANTING +2 broad axe of draining.
 17987 | D:12     | 17987 ||| Stepping ~*~*~tactically~*~*~ (stealth).
 18045 | D:12     | Noticed Rupert
 18046 | D:12     | 18046 ||| INVOKING Heroism.
 18058 | D:12     | Killed Rupert
 18087 | D:12     | Noticed Nergalle
 18088 | D:12     | 18088 ||| Stepping ~*~*~tactically~*~*~ (hiding).
 18101 | D:12     | Killed Nergalle
 18130 | D:12     | 18130 ||| READING scroll of enchant armour.
 18130 | D:12     | 18130 ||| ENCHANTING +1 pair of gloves.
 18151 | D:12     | 18151 ||| INVOKING Heroism.
 18215 | D:12     | 18215 ||| Stepping ~*~*~tactically~*~*~ (hiding).
 18216 | D:12     | 18216 ||| Stepping ~*~*~tactically~*~*~ (hiding).
 18217 | D:12     | 18217 ||| Stepping ~*~*~tactically~*~*~ (hiding).
 18218 | D:12     | 18218 ||| Stepping ~*~*~tactically~*~*~ (hiding).
 18219 | D:12     | 18219 ||| Stepping ~*~*~tactically~*~*~ (hiding).
 18220 | D:12     | 18220 ||| Stepping ~*~*~tactically~*~*~ (hiding).
 18221 | D:12     | 18221 ||| Stepping ~*~*~tactically~*~*~ (hiding).
 18422 | D:12     | 18422 ||| Stepping ~*~*~tactically~*~*~ (stealth).
 18799 | D:12     | 18799 ||| Stepping ~*~*~tactically~*~*~ (stealth).
 18867 | D:12     | 18867 ||| Stepping ~*~*~tactically~*~*~ (stealth).
 19221 | D:13     | 19221 ||| Stepping ~*~*~tactically~*~*~ (hiding).
 19223 | D:13     | 19223 ||| Stepping ~*~*~tactically~*~*~ (hiding).
 19262 | D:13     | You are sucked into a shaft and drop 1 floor!
 19283 | D:14     | 19283 ||| UPGRADING to amulet of reflection.
 19293 | D:14     | 19293 ||| DROPPING amulet of regeneration.
 19294 | D:14     | 19294 ||| DROPPING +6 ring of dexterity.
 19308 | D:14     | 19308 ||| INVOKING Heroism.
 19339 | D:13     | Found a snail-covered altar of Cheibriados.
 19346 | D:13     | 19346 ||| SWAPPING to +1 demon whip of venom.
 19348 | D:13     | 19348 ||| SWAPPING to +3 broad axe of draining.
 19437 | D:13     | 19437 ||| READING scroll of enchant weapon.
 19437 | D:13     | 19437 ||| ENCHANTING +3 broad axe of draining.
 19474 | D:13     | 19474 ||| Stepping ~*~*~tactically~*~*~ (hiding).
 19480 | D:13     | Received a gift from Okawaru
 19585 | D:13     | 19585 ||| READING scroll of enchant weapon.
 19585 | D:13     | 19585 ||| ENCHANTING +4 broad axe of draining.
 19977 | D:13     | 19977 ||| READING scroll labelled MULAJI CIALEXO.
 20101 | D:14     | 20101 ||| INVOKING Heroism.
 20130 | D:14     | Reached XP level 16. HP: 99/101 MP: 23/23
 20132 | D:14     | 20132 ||| INVOKING Heroism.
 20350 | D:14     | 20350 ||| Stepping ~*~*~tactically~*~*~ (stealth).
 20356 | D:14     | Reached skill level 6 in Throwing
 20404 | D:14     | Received a gift from Okawaru
 20430 | D:14     | 20430 ||| Stepping ~*~*~tactically~*~*~ (hiding).
 20490 | D:14     | Found a gate to the Vaults.
 20566 | D:14     | 20566 ||| INVOKING Heroism.
 20783 | D:14     | 20783 ||| Stepping ~*~*~tactically~*~*~ (hiding).
 20896 | D:15     | Entered Level 15 of the Dungeon
 20897 | D:15     | 20897 ||| INVOKING Heroism.
 20992 | D:15     | Noticed Kirke
 20993 | D:15     | 20993 ||| INVOKING Heroism.
 21002 | D:15     | 21002 ||| DRINKING 3 potions of cancellation.
 21003 | D:15     | Killed Kirke
 21003 | D:15     | Received a gift from Okawaru
 21004 | D:15     | 21004 ||| PLANNING D
 21004 | D:15     | 21004 ||| PLANNING D
 21008 | D:15     | 21008 ||| PLANNING D
 21057 | D:15     | 21057 ||| PLANNING D
 21057 | D:15     | 21057 ||| READING scroll of enchant armour.
 21057 | D:15     | 21057 ||| ENCHANTING +1 pair of boots.
 21225 | D:15     | Found an ornate altar of the Wu Jian Council.
 21259 | D:15     | 21259 ||| INVOKING Heroism.
 21260 | D:15     | 21260 ||| SWAPPING to +1 demon whip of venom.
 21266 | D:15     | 21266 ||| SWAPPING to +5 broad axe of draining.
 21542 | D:15     | 21542 ||| INVOKING Heroism.
 21687 | D:15     | 21687 ||| Stepping ~*~*~tactically~*~*~ (hiding).
 21691 | D:15     | 21691 ||| INVOKING Heroism.
 21703 | D:15     | Received a gift from Okawaru
 21822 | D:15     | Found a staircase to the Depths.
 21973 | D:15     | 21973 ||| INVOKING Heroism.
 21982 | D:15     | Reached skill level 12 in Armour
 21990 | D:15     | 21990 ||| INVOKING Heroism.
 22223 | D:15     | 22223 ||| PLANNING ORC
 22339 | Orc:1    | Entered Level 1 of the Orcish Mines
 22371 | Orc:1    | 22371 ||| FLEEEEING.
 22372 | Orc:1    | 22372 ||| FLEEEEING.
 22373 | Orc:1    | 22373 ||| FLEEEEING.
 22374 | Orc:1    | 22374 ||| FLEEEEING.
 22375 | Orc:1    | 22375 ||| FLEEEEING.
 22376 | Orc:1    | 22376 ||| FLEEEEING.
 22377 | Orc:1    | 22377 ||| FLEEEEING.
 22378 | Orc:1    | 22378 ||| STAIRDANCE
 22450 | Orc:1    | 22450 ||| Stepping ~*~*~tactically~*~*~ (hiding).
 22592 | Orc:1    | 22592 ||| Stepping ~*~*~tactically~*~*~ (stealth).
 22593 | Orc:1    | 22593 ||| Stepping ~*~*~tactically~*~*~ (stealth).
 22597 | Orc:1    | 22597 ||| INVOKING Heroism.
 22708 | Orc:1    | 22708 ||| INVOKING Heroism.
 22775 | Orc:1    | 22775 ||| Stepping ~*~*~tactically~*~*~ (hiding).
 22783 | Orc:1    | Found a runed translucent door.
 22783 | Orc:1    | Noticed Lepuefeh's ghost (journeyman MiBe)
 22942 | Orc:1    | 22942 ||| INVOKING Heroism.
 22956 | Orc:1    | 22956 ||| Stepping ~*~*~tactically~*~*~ (hiding).
 23070 | Orc:1    | 23070 ||| READING scroll of acquirement.
 23070 | Orc:1    | 23070 ||| ACQUIRING 1041 gold pieces
 23070 | Orc:1    | Acquired 1041 gold pieces
 23085 | Orc:1    | 23085 ||| Stepping ~*~*~tactically~*~*~ (hiding).
 23087 | Orc:1    | 23087 ||| Stepping ~*~*~tactically~*~*~ (hiding).
 23319 | Orc:1    | Noticed Jorgrun
 23320 | Orc:1    | 23320 ||| INVOKING Heroism.
 23336 | Orc:1    | Killed Jorgrun
 23741 | Orc:2    | Entered Level 2 of the Orcish Mines
 23803 | Orc:2    | 23803 ||| DROPPING +1 demon whip of venom.
 23806 | Orc:2    | Found a staircase to the Elven Halls.
 23942 | Orc:2    | 23942 ||| Stepping ~*~*~tactically~*~*~ (stealth).
 24092 | Orc:2    | 24092 ||| Stepping ~*~*~tactically~*~*~ (hiding).
 24238 | Orc:2    | 24238 ||| INVOKING Heroism.
 24240 | Orc:2    | 24240 ||| DRINKING 15 potions of curing.
 24240 | Orc:2    | 24240 ||| (to cure confusion)
 24253 | Orc:2    | Found Igioguegg's Antique Weapon Shoppe.
 24294 | Orc:2    | 24294 ||| Stepping ~*~*~tactically~*~*~ (hiding).
 24297 | Orc:2    | 24297 ||| Stepping ~*~*~tactically~*~*~ (hiding).
 24411 | Orc:2    | 24411 ||| Stepping ~*~*~tactically~*~*~ (stealth).
 24413 | Orc:2    | 24413 ||| Stepping ~*~*~tactically~*~*~ (hiding).
 24414 | Orc:2    | 24414 ||| Stepping ~*~*~tactically~*~*~ (hiding).
 24415 | Orc:2    | 24415 ||| Stepping ~*~*~tactically~*~*~ (hiding).
 24416 | Orc:2    | 24416 ||| Stepping ~*~*~tactically~*~*~ (hiding).
 24652 | Orc:2    | 24652 ||| INVOKING Heroism.
 24693 | Orc:2    | 24693 ||| Stepping ~*~*~tactically~*~*~ (stealth).
 24697 | Orc:2    | 24697 ||| Stepping ~*~*~tactically~*~*~ (stealth).
 24705 | Orc:2    | 24705 ||| INVOKING Heroism.
 24782 | Orc:2    | Found Gumyhoim's Antique Armour Shoppe.
 24786 | Orc:2    | Found Agyvaen's Antique Weapon Emporium.
 24793 | Orc:2    | 24793 ||| BUYING runed chain mail (202 gold).
 24793 | Orc:2    | Bought a runed chain mail for 202 gold pieces
 24793 | Orc:2    | 24793 ||| BUYING shiny plate armour (702 gold).
 24793 | Orc:2    | Bought a shiny plate armour for 702 gold pieces
 24822 | Orc:2    | 24822 ||| Stepping ~*~*~tactically~*~*~ (stealth).
 24823 | Orc:2    | 24823 ||| Stepping ~*~*~tactically~*~*~ (stealth).
 24824 | Orc:2    | 24824 ||| Stepping ~*~*~tactically~*~*~ (stealth).
 24844 | Orc:2    | 24844 ||| Stepping ~*~*~tactically~*~*~ (stealth).
 24845 | Orc:2    | 24845 ||| Stepping ~*~*~tactically~*~*~ (stealth).
 24847 | Orc:2    | 24847 ||| Stepping ~*~*~tactically~*~*~ (stealth).
 24865 | Orc:2    | 24865 ||| Stepping ~*~*~tactically~*~*~ (stealth).
 24899 | Orc:2    | 24899 ||| Stepping ~*~*~tactically~*~*~ (stealth).
 24901 | Orc:2    | 24901 ||| Stepping ~*~*~tactically~*~*~ (hiding).
 24914 | Orc:2    | 24914 ||| INVOKING Heroism.
 24928 | Orc:2    | Found Harubbu's Antique Armour Boutique.
 24959 | Orc:2    | 24959 ||| BUYING glowing scarf (232 gold).
 24959 | Orc:2    | Bought a glowing scarf for 232 gold pieces
 24959 | Orc:2    | 24959 ||| BUYING helmet (130 gold).
 24959 | Orc:2    | Bought a helmet for 130 gold pieces
 24959 | Orc:2    | 24959 ||| BUYING pair of embroidered gloves (217 gold).
 24959 | Orc:2    | Bought a pair of embroidered gloves for 217 gold pieces
 24959 | Orc:2    | 24959 ||| PLANNING SNAKE:1-3
 24959 | Orc:2    | 24959 ||| DROPPING +2 chain mail of poison resistance.
 24960 | Orc:2    | 24960 ||| DROPPING +0 plate armour.
 24961 | Orc:2    | 24961 ||| DROPPING +1 chain mail of cold resistance.
 24962 | Orc:2    | 24962 ||| DROPPING scarf of invisibility.
 24963 | Orc:2    | 24963 ||| UPGRADING to +0 helmet.
 24968 | Orc:2    | 24968 ||| DROPPING +2 pair of gloves of hurling.
 25139 | Snake:1  | Entered Level 1 of the Snake Pit
 25139 | Snake:1  | Noticed Aizul
 25140 | Snake:1  | 25140 ||| INVOKING Heroism.
 25157 | Snake:1  | Killed Aizul
 25327 | Snake:1  | Received a gift from Okawaru
 25362 | Snake:1  | 25362 ||| Stepping ~*~*~tactically~*~*~ (stealth).
 25382 | Snake:1  | Reached skill level 13 in Armour
 25382 | Snake:1  | Reached XP level 17. HP: 90/108 MP: 14/24
 25386 | Snake:1  | 25386 ||| INVOKING Heroism.
 25404 | Snake:1  | Received a gift from Okawaru
 25429 | Snake:1  | HP: 25/108 [shock serpent/bolt of electricity (6)]
 25430 | Snake:1  | 25430 ||| READING 8 scrolls of teleportation.
 25431 | Snake:1  | 25431 ||| DRINKING 6 potions of heal wounds.
 25606 | Snake:1  | 25606 ||| Stepping ~*~*~tactically~*~*~ (stealth).
 25626 | Snake:1  | Reached skill level 18 in Axes
 25654 | Snake:1  | 25654 ||| FLEEEEING.
 25700 | Snake:1  | 25700 ||| Stepping ~*~*~tactically~*~*~ (stealth).
 25740 | Snake:1  | 25740 ||| READING scroll of enchant armour.
 25740 | Snake:1  | 25740 ||| ENCHANTING +0 helmet.
 25753 | Snake:1  | Noticed Donald
 25754 | Snake:1  | 25754 ||| INVOKING Heroism.
 25755 | Snake:1  | 25755 ||| INVOKING Finesse.
 25776 | Snake:1  | Killed Donald
 26019 | Snake:1  | 26019 ||| Stepping ~*~*~tactically~*~*~ (hiding).
 26020 | Snake:1  | 26020 ||| Stepping ~*~*~tactically~*~*~ (hiding).
 26024 | Snake:1  | 26024 ||| Stepping ~*~*~tactically~*~*~ (hiding).
 26028 | Snake:1  | 26028 ||| INVOKING Heroism.
 26033 | Snake:1  | Received a gift from Okawaru
 26049 | Snake:1  | 26049 ||| Stepping ~*~*~tactically~*~*~ (hiding).
 26052 | Snake:1  | 26052 ||| Stepping ~*~*~tactically~*~*~ (hiding).
 26053 | Snake:1  | 26053 ||| Stepping ~*~*~tactically~*~*~ (hiding).
 26357 | Snake:1  | 26357 ||| Stepping ~*~*~tactically~*~*~ (hiding).
 26439 | Snake:1  | Received a gift from Okawaru
 26737 | Snake:1  | 26737 ||| DROPPING +0 kite shield of reflection.
 26738 | Snake:1  | 26738 ||| UPGRADING to +1 tower shield of protection.
 26748 | Snake:1  | 26748 ||| DROPPING +0 kite shield.
 26791 | Snake:2  | 26791 ||| Stepping ~*~*~tactically~*~*~ (hiding).
 26814 | Snake:2  | Noticed Nikola
 26815 | Snake:2  | 26815 ||| INVOKING Heroism.
 26829 | Snake:2  | Killed Nikola
 26959 | Snake:2  | Noticed Asterion
 26960 | Snake:2  | 26960 ||| Stepping ~*~*~tactically~*~*~ (stealth).
 26963 | Snake:2  | 26963 ||| INVOKING Heroism.
 26964 | Snake:2  | 26964 ||| Stepping ~*~*~tactically~*~*~ (hiding).
 26976 | Snake:2  | Killed Asterion
 26976 | Snake:2  | Received a gift from Okawaru
 27256 | Snake:2  | Found Lafeak's General Store.
 27290 | Snake:2  | 27290 ||| BUYING scroll of brand weapon (104 gold).
 27290 | Snake:2  | Bought a scroll of brand weapon for 104 gold pieces
 27290 | Snake:2  | 27290 ||| BUYING scroll of teleportation (33 gold).
 27290 | Snake:2  | Bought a scroll of teleportation for 33 gold pieces
 27290 | Snake:2  | 27290 ||| READING scroll of brand weapon.
 27290 | Snake:2  | 27290 ||| BRANDING +5 broad axe of draining.
 27291 | Snake:2  | Found Casofful's Distillery.
 27303 | Snake:2  | 27303 ||| BUYING 2 potions of lignification (96 gold).
 27303 | Snake:2  | Bought 2 potions of lignification for 96 gold pieces
 27303 | Snake:2  | 27303 ||| BUYING potion of lignification (48 gold).
 27303 | Snake:2  | Bought a potion of lignification for 48 gold pieces
 27303 | Snake:2  | 27303 ||| BUYING potion of magic (128 gold).
 27303 | Snake:2  | Bought a potion of magic for 128 gold pieces
 27303 | Snake:2  | 27303 ||| BUYING potion of resistance (160 gold).
 27303 | Snake:2  | Bought a potion of resistance for 160 gold pieces
 27366 | Snake:2  | 27366 ||| Stepping ~*~*~tactically~*~*~ (stealth).
 27370 | Snake:2  | 27370 ||| Stepping ~*~*~tactically~*~*~ (hiding).
 27372 | Snake:2  | 27372 ||| Stepping ~*~*~tactically~*~*~ (hiding).
 27373 | Snake:2  | 27373 ||| Stepping ~*~*~tactically~*~*~ (hiding).
 27384 | Snake:2  | 27384 ||| Stepping ~*~*~tactically~*~*~ (hiding).
 27392 | Snake:2  | Identified the +1 crystal plate armour of Follow the Leader
                  | {Rampage rN++ Dex+8 Stlth-} (Okawaru gifted it to you on
                  | level 2 of the Snake Pit)
 27392 | Snake:2  | Received a gift from Okawaru
 27404 | Snake:2  | 27404 ||| INVOKING Heroism.
 27841 | Snake:2  | 27841 ||| Stepping ~*~*~tactically~*~*~ (hiding).
 27844 | Snake:2  | 27844 ||| Stepping ~*~*~tactically~*~*~ (hiding).
 27965 | Snake:2  | 27965 ||| UPGRADING to +1 crystal plate armour of Follow
                  | the Leader {Rampage rN++ Dex+8 Stlth-}.
 27975 | Snake:2  | 27975 ||| DROPPING +6 plate armour "Baujuleu" {rC- Str+4}.
 27976 | Snake:2  | 27976 ||| DROPPING +0 plate armour of cold resistance.
 28067 | Snake:3  | Reached skill level 15 in Shields
 28075 | Snake:3  | 28075 ||| Stepping ~*~*~tactically~*~*~ (hiding).
 28079 | Snake:3  | 28079 ||| INVOKING Heroism.
 28092 | Snake:3  | 28092 ||| Stepping ~*~*~tactically~*~*~ (hiding).
 28299 | Snake:3  | Found the +9 staff of Olgreb {rPois∞}
 28406 | Snake:3  | 28406 ||| READING scroll of enchant weapon.
 28406 | Snake:3  | 28406 ||| ENCHANTING +5 vampiric broad axe.
 28416 | Snake:3  | 28416 ||| READING scroll of acquirement.
 28416 | Snake:3  | 28416 ||| ACQUIRING +3 pair of gloves "Earthly Heaven"
                  | {Will+ Int+3 Dex+4}
 28416 | Snake:3  | Acquired the +3 pair of gloves "Earthly Heaven" {Will+
                  | Int+3 Dex+4}
 28418 | Snake:3  | 28418 ||| UPGRADING to +3 pair of gloves "Earthly Heaven"
                  | {Will+ Int+3 Dex+4}.
 28428 | Snake:3  | 28428 ||| DROPPING +2 pair of gloves.
 28655 | Snake:3  | Noticed Mlioglotl
 28656 | Snake:3  | 28656 ||| INVOKING Heroism.
 28657 | Snake:3  | 28657 ||| INVOKING Finesse.
 28670 | Snake:3  | Killed Mlioglotl
 28876 | Snake:3  | 28876 ||| PLANNING SWAMP:1-3
 28876 | Snake:3  | 28876 ||| READING scroll labelled JEHIOC MOCLE.
 28995 | Swamp:1  | Entered Level 1 of the Swamp
 29032 | Swamp:1  | 29032 ||| Stepping ~*~*~tactically~*~*~ (hiding).
 29034 | Swamp:1  | 29034 ||| Stepping ~*~*~tactically~*~*~ (hiding).
 29035 | Swamp:1  | 29035 ||| Stepping ~*~*~tactically~*~*~ (hiding).
 29041 | Swamp:1  | 29041 ||| Stepping ~*~*~tactically~*~*~ (cloud).
 29131 | Swamp:1  | 29131 ||| DROPPING +1 hand axe of flaming.
 29231 | Swamp:1  | 29231 ||| INVOKING Heroism.
 29492 | Swamp:1  | 29492 ||| INVOKING Heroism.
 29533 | Swamp:1  | 29533 ||| INVOKING Heroism.
 29539 | Swamp:1  | Reached XP level 18. HP: 116/116 MP: 23/25
 29539 | Swamp:1  | 29539 ||| DROPPING +2 war axe of flaming.
 29599 | Swamp:1  | 29599 ||| Stepping ~*~*~tactically~*~*~ (hiding).
 29614 | Swamp:1  | Identified the +3 chain mail "Wason" {Slay+5}
 29633 | Swamp:1  | 29633 ||| INVOKING Heroism.
 29659 | Swamp:1  | 29659 ||| Stepping ~*~*~tactically~*~*~ (stealth).
 29807 | Swamp:1  | 29807 ||| Stepping ~*~*~tactically~*~*~ (hiding).
 29809 | Swamp:1  | 29809 ||| Stepping ~*~*~tactically~*~*~ (hiding).
 29822 | Swamp:1  | 29822 ||| INVOKING Heroism.
 29906 | Swamp:1  | 29906 ||| DROPPING +6 ring of strength.
 29916 | Swamp:2  | 29916 ||| Stepping ~*~*~tactically~*~*~ (hiding).
 29917 | Swamp:2  | 29917 ||| Stepping ~*~*~tactically~*~*~ (hiding).
 30067 | Swamp:2  | 30067 ||| Stepping ~*~*~tactically~*~*~ (hiding).
 30167 | Swamp:2  | 30167 ||| INVOKING Heroism.
 30170 | Swamp:2  | 30170 ||| Stepping ~*~*~tactically~*~*~ (hiding).
 30191 | Swamp:2  | 30191 ||| Stepping ~*~*~tactically~*~*~ (stealth).
 30192 | Swamp:2  | 30192 ||| Stepping ~*~*~tactically~*~*~ (stealth).
 30215 | Swamp:2  | 30215 ||| Stepping ~*~*~tactically~*~*~ (hiding).
 30268 | Swamp:2  | 30268 ||| Stepping ~*~*~tactically~*~*~ (hiding).
 30300 | Swamp:2  | Reached skill level 14 in Armour
 30300 | Swamp:2  | 30300 ||| Stepping ~*~*~tactically~*~*~ (cloud).
 30466 | Swamp:2  | 30466 ||| Stepping ~*~*~tactically~*~*~ (hiding).
 30470 | Swamp:2  | 30470 ||| INVOKING Heroism.
 30531 | Swamp:2  | 30531 ||| Stepping ~*~*~tactically~*~*~ (hiding).
 30555 | Swamp:2  | Identified the +6 sling "Z" {drain, rCorr Int-5 SInv
                  | Stlth+}
 30608 | Swamp:2  | 30608 ||| Stepping ~*~*~tactically~*~*~ (hiding).
 30609 | Swamp:2  | 30609 ||| Stepping ~*~*~tactically~*~*~ (hiding).
 30611 | Swamp:2  | 30611 ||| Stepping ~*~*~tactically~*~*~ (hiding).
 30612 | Swamp:2  | 30612 ||| Stepping ~*~*~tactically~*~*~ (hiding).
 30913 | Swamp:3  | 30913 ||| INVOKING Heroism.
 30976 | Swamp:3  | 30976 ||| INVOKING Heroism.
 31027 | Swamp:3  | 31027 ||| INVOKING Heroism.
 31086 | Swamp:3  | 31086 ||| INVOKING Heroism.
 31133 | Swamp:3  | 31133 ||| Stepping ~*~*~tactically~*~*~ (hiding).
 31338 | Swamp:3  | 31338 ||| Stepping ~*~*~tactically~*~*~ (stealth).
 31347 | Swamp:3  | Received a gift from Okawaru
 31394 | Swamp:3  | 31394 ||| INVOKING Heroism.
 31396 | Swamp:3  | Reached skill level 15 in Armour
 31499 | Swamp:3  | 31499 ||| Stepping ~*~*~tactically~*~*~ (stealth).
 31506 | Swamp:3  | 31506 ||| Stepping ~*~*~tactically~*~*~ (hiding).
 31612 | Swamp:3  | 31612 ||| Stepping ~*~*~tactically~*~*~ (stealth).
 31706 | Swamp:3  | 31706 ||| PLANNING SNAKE:4
 31706 | Swamp:3  | 31706 ||| DROPPING amulet of the acrobat.
 31707 | Swamp:3  | 31707 ||| DROPPING amulet of guardian spirit.
 31708 | Swamp:3  | 31708 ||| DROPPING ring of positive energy.
 31849 | Snake:4  | Entered Level 4 of the Snake Pit
 31933 | Snake:4  | 31933 ||| Stepping ~*~*~tactically~*~*~ (hiding).
 31938 | Snake:4  | 31938 ||| Stepping ~*~*~tactically~*~*~ (hiding).
 32093 | Snake:4  | Received a gift from Okawaru
 32110 | Snake:4  | 32110 ||| Stepping ~*~*~tactically~*~*~ (hiding).
 32111 | Snake:4  | 32111 ||| Stepping ~*~*~tactically~*~*~ (hiding).
 32115 | Snake:4  | 32115 ||| Stepping ~*~*~tactically~*~*~ (hiding).
 32117 | Snake:4  | 32117 ||| Stepping ~*~*~tactically~*~*~ (hiding).
 32118 | Snake:4  | 32118 ||| Stepping ~*~*~tactically~*~*~ (hiding).
 32120 | Snake:4  | 32120 ||| INVOKING Heroism.
 32127 | Snake:4  | 32127 ||| Stepping ~*~*~tactically~*~*~ (hiding).
 32198 | Snake:4  | Found Yphal's Armour Emporium.
 32204 | Snake:4  | 32204 ||| Stepping ~*~*~tactically~*~*~ (stealth).
 32281 | Snake:4  | 32281 ||| Stepping ~*~*~tactically~*~*~ (hiding).
 32377 | Snake:4  | Found Hisaelit's Armour Boutique.
 32382 | Snake:4  | 32382 ||| BUYING scarf of repulsion (204 gold).
 32382 | Snake:4  | Bought a scarf of repulsion for 204 gold pieces
 32559 | Snake:4  | 32559 ||| INVOKING Heroism.
 32563 | Snake:4  | Reached skill level 16 in Armour
 32583 | Snake:4  | 32583 ||| INVOKING Heroism.
 32648 | Snake:4  | 32648 ||| INVOKING Heroism.
 32686 | Snake:4  | 32686 ||| INVOKING Heroism.
 32687 | Snake:4  | HP: 25/116 [salamander tyrant/flame surge (45)]
 32688 | Snake:4  | 32688 ||| READING 11 scrolls of teleportation.
 32689 | Snake:4  | 32689 ||| DRINKING 5 potions of heal wounds.
 32897 | Snake:4  | 32897 ||| Stepping ~*~*~tactically~*~*~ (hiding).
 32901 | Snake:4  | 32901 ||| INVOKING Heroism.
 32929 | Snake:4  | 32929 ||| Stepping ~*~*~tactically~*~*~ (stealth).
 32957 | Snake:4  | 32957 ||| FLEEEEING.
 32958 | Snake:4  | 32958 ||| FLEEEEING.
 33016 | Snake:4  | Reached XP level 19. HP: 121/121 MP: 26/26
 33036 | Snake:4  | 33036 ||| INVOKING Heroism.
 33284 | Snake:4  | Got a serpentine rune of Zot
 33307 | Snake:4  | 33307 ||| PLANNING VAULTS:1-4
 33307 | Snake:4  | 33307 ||| UPGRADING to scarf of repulsion.
 33666 | Vaults:1 | Entered Level 1 of the Vaults
 33711 | Vaults:1 | 33711 ||| Stepping ~*~*~tactically~*~*~ (hiding).
 33714 | Vaults:1 | 33714 ||| Stepping ~*~*~tactically~*~*~ (hiding).
 33717 | Vaults:1 | Received a gift from Okawaru
 33756 | Vaults:1 | 33756 ||| INVOKING Heroism.
 33757 | Vaults:1 | 33757 ||| INVOKING Finesse.
 33766 | Vaults:1 | Reached skill level 18 in Shields
 33992 | Vaults:1 | 33992 ||| INVOKING Heroism.
 33993 | Vaults:1 | 33993 ||| INVOKING Finesse.
 34064 | Vaults:1 | 34064 ||| INVOKING Heroism.
 34073 | Vaults:1 | Reached skill level 6 in Dodging
 34104 | Vaults:1 | 34104 ||| FLEEEEING.
 34105 | Vaults:1 | 34105 ||| FLEEEEING.
 34107 | Vaults:1 | 34107 ||| FLEEEEING.
 34108 | Vaults:1 | 34108 ||| FLEEEEING.
 34109 | Vaults:1 | 34109 ||| FLEEEEING.
 34110 | Vaults:1 | 34110 ||| FLEEEEING.
 34111 | Vaults:1 | 34111 ||| FLEEEEING.
 34112 | Vaults:1 | 34112 ||| FLEEEEING.
 34113 | Vaults:1 | 34113 ||| FLEEEEING.
 34114 | Vaults:1 | 34114 ||| FLEEEEING.
 34115 | Vaults:1 | 34115 ||| FLEEEEING.
 34116 | Vaults:1 | 34116 ||| FLEEEEING.
 34117 | Vaults:1 | 34117 ||| FLEEEEING.
 34118 | Vaults:1 | 34118 ||| FLEEEEING.
 34119 | Vaults:1 | 34119 ||| FLEEEEING.
 34120 | Vaults:1 | 34120 ||| FLEEEEING.
 34121 | Vaults:1 | 34121 ||| FLEEEEING.
 34122 | Vaults:1 | 34122 ||| FLEEEEING.
 34123 | Vaults:1 | 34123 ||| FLEEEEING.
 34130 | Vaults:1 | 34130 ||| FLEEEEING.
 34131 | Vaults:1 | 34131 ||| FLEEEEING.
 34132 | Vaults:1 | 34132 ||| FLEEEEING.
 34133 | Vaults:1 | 34133 ||| FLEEEEING.
 34134 | Vaults:1 | 34134 ||| FLEEEEING.
 34135 | Vaults:1 | 34135 ||| FLEEEEING.
 34136 | Vaults:1 | 34136 ||| STAIRDANCE
 34252 | Vaults:1 | 34252 ||| Stepping ~*~*~tactically~*~*~ (stealth).
 34257 | Vaults:1 | 34257 ||| Stepping ~*~*~tactically~*~*~ (hiding).
 34261 | Vaults:1 | 34261 ||| INVOKING Heroism.
 34262 | Vaults:1 | 34262 ||| INVOKING Finesse.
 34275 | Vaults:1 | Received a gift from Okawaru
 34276 | Vaults:1 | Reached skill level 17 in Armour
 34403 | Vaults:1 | 34403 ||| INVOKING Heroism.
 34515 | Vaults:1 | Received a gift from Okawaru
 34547 | Vaults:1 | Received a gift from Okawaru
 34642 | Vaults:1 | Identified the +0 helmet of the Fletcher {+Inv Int+3
                  | Slay-5}
 34873 | Vaults:1 | 34873 ||| Stepping ~*~*~tactically~*~*~ (stealth).
 34875 | Vaults:1 | 34875 ||| Stepping ~*~*~tactically~*~*~ (hiding).
 35165 | Vaults:1 | 35165 ||| DROPPING +0 helmet of the Fletcher {+Inv Int+3
                  | Slay-5}.
 35201 | Vaults:2 | 35201 ||| Stepping ~*~*~tactically~*~*~ (hiding).
 35202 | Vaults:2 | 35202 ||| Stepping ~*~*~tactically~*~*~ (hiding).
 35208 | Vaults:2 | 35208 ||| INVOKING Heroism.
 35209 | Vaults:2 | 35209 ||| INVOKING Finesse.
 35255 | Vaults:2 | 35255 ||| Stepping ~*~*~tactically~*~*~ (hiding).
 35257 | Vaults:2 | 35257 ||| Stepping ~*~*~tactically~*~*~ (hiding).
 35442 | Vaults:2 | Received a gift from Okawaru
 35447 | Vaults:2 | 35447 ||| FLEEEEING.
 35448 | Vaults:2 | 35448 ||| FLEEEEING.
 35449 | Vaults:2 | 35449 ||| FLEEEEING.
 35450 | Vaults:2 | 35450 ||| FLEEEEING.
 35453 | Vaults:2 | 35453 ||| Stepping ~*~*~tactically~*~*~ (hiding).
 35455 | Vaults:2 | 35455 ||| Stepping ~*~*~tactically~*~*~ (hiding).
 35467 | Vaults:2 | Reached skill level 15 in Fighting
 35498 | Vaults:2 | 35498 ||| INVOKING Heroism.
 35499 | Vaults:2 | 35499 ||| INVOKING Finesse.
 35587 | Vaults:2 | 35587 ||| Stepping ~*~*~tactically~*~*~ (hiding).
 35677 | Vaults:2 | Received a gift from Okawaru
 35695 | Vaults:2 | 35695 ||| INVOKING Heroism.
 35696 | Vaults:2 | 35696 ||| INVOKING Finesse.
 35700 | Vaults:2 | Reached skill level 18 in Armour
 35704 | Vaults:2 | Reached XP level 20. HP: 129/129 MP: 19/27
 35849 | Vaults:2 | Received a gift from Okawaru
 36141 | Vaults:2 | Found Gewkuis's Antique Weapon Boutique.
 36410 | Vaults:2 | 36410 ||| Stepping ~*~*~tactically~*~*~ (stealth).
 36626 | Vaults:3 | 36626 ||| Stepping ~*~*~tactically~*~*~ (hiding).
 36629 | Vaults:3 | 36629 ||| Stepping ~*~*~tactically~*~*~ (hiding).
 36630 | Vaults:3 | 36630 ||| Stepping ~*~*~tactically~*~*~ (hiding).
 36631 | Vaults:3 | 36631 ||| Stepping ~*~*~tactically~*~*~ (hiding).
 36632 | Vaults:3 | 36632 ||| Stepping ~*~*~tactically~*~*~ (hiding).
 36634 | Vaults:3 | 36634 ||| Stepping ~*~*~tactically~*~*~ (hiding).
 36635 | Vaults:3 | 36635 ||| Stepping ~*~*~tactically~*~*~ (hiding).
 36636 | Vaults:3 | 36636 ||| Stepping ~*~*~tactically~*~*~ (hiding).
 36637 | Vaults:3 | 36637 ||| Stepping ~*~*~tactically~*~*~ (hiding).
 36773 | Vaults:3 | 36773 ||| Stepping ~*~*~tactically~*~*~ (stealth).
 36809 | Vaults:3 | 36809 ||| Stepping ~*~*~tactically~*~*~ (stealth).
 36826 | Vaults:3 | 36826 ||| Stepping ~*~*~tactically~*~*~ (stealth).
 36869 | Vaults:3 | 36869 ||| INVOKING Heroism.
 36870 | Vaults:3 | 36870 ||| INVOKING Finesse.
 36877 | Vaults:3 | Received a gift from Okawaru
 36893 | Vaults:3 | Received a gift from Okawaru
 36936 | Vaults:3 | 36936 ||| READING scroll of enchant armour.
 36936 | Vaults:3 | 36936 ||| ENCHANTING +1 helmet.
 36946 | Vaults:3 | 36946 ||| Stepping ~*~*~tactically~*~*~ (hiding).
 36947 | Vaults:3 | 36947 ||| Stepping ~*~*~tactically~*~*~ (hiding).
 37092 | Vaults:3 | 37092 ||| INVOKING Heroism.
 37093 | Vaults:3 | 37093 ||| INVOKING Finesse.
 37114 | Vaults:3 | 37114 ||| Stepping ~*~*~tactically~*~*~ (hiding).
 37188 | Vaults:3 | 37188 ||| Stepping ~*~*~tactically~*~*~ (stealth).
 37291 | Vaults:3 | 37291 ||| Stepping ~*~*~tactically~*~*~ (hiding).
 37388 | Vaults:3 | Found a staircase to the Crypt.
 37389 | Vaults:3 | 37389 ||| Stepping ~*~*~tactically~*~*~ (hiding).
 37448 | Vaults:3 | Reached skill level 9 in Throwing
 37531 | Vaults:3 | 37531 ||| Stepping ~*~*~tactically~*~*~ (stealth).
 37535 | Vaults:3 | Received a gift from Okawaru
 37601 | Vaults:3 | 37601 ||| Stepping ~*~*~tactically~*~*~ (hiding).
 37611 | Vaults:3 | 37611 ||| Stepping ~*~*~tactically~*~*~ (stealth).
 37668 | Vaults:3 | Identified the +2 hat of Ceats {rC+ Str-3 Int-3 Dex+9}
                  | (Okawaru gifted it to you on level 3 of the Vaults)
 37668 | Vaults:3 | Received a gift from Okawaru
 37674 | Vaults:3 | 37674 ||| Stepping ~*~*~tactically~*~*~ (stealth).
 37676 | Vaults:3 | 37676 ||| Stepping ~*~*~tactically~*~*~ (hiding).
 37678 | Vaults:3 | 37678 ||| Stepping ~*~*~tactically~*~*~ (hiding).
 37954 | Vaults:3 | 37954 ||| Stepping ~*~*~tactically~*~*~ (hiding).
 37956 | Vaults:3 | 37956 ||| Stepping ~*~*~tactically~*~*~ (hiding).
 37958 | Vaults:3 | 37958 ||| Stepping ~*~*~tactically~*~*~ (hiding).
 37966 | Vaults:3 | 37966 ||| Stepping ~*~*~tactically~*~*~ (hiding).
 37967 | Vaults:3 | 37967 ||| Stepping ~*~*~tactically~*~*~ (hiding).
 37969 | Vaults:3 | 37969 ||| Stepping ~*~*~tactically~*~*~ (hiding).
 38120 | Vaults:3 | 38120 ||| Stepping ~*~*~tactically~*~*~ (hiding).
 38433 | Vaults:3 | 38433 ||| UPGRADING to +2 hat of Ceats {rC+ Str-3 Int-3
                  | Dex+9}.
 38482 | Vaults:4 | 38482 ||| Stepping ~*~*~tactically~*~*~ (hiding).
 38652 | Vaults:4 | 38652 ||| INVOKING Finesse.
 38773 | Vaults:4 | 38773 ||| Stepping ~*~*~tactically~*~*~ (hiding).
 38785 | Vaults:4 | Reached XP level 21. HP: 136/136 MP: 28/28
 38791 | Vaults:4 | 38791 ||| FLEEEEING.
 38792 | Vaults:4 | 38792 ||| FLEEEEING.
 39053 | Vaults:4 | 39053 ||| Stepping ~*~*~tactically~*~*~ (hiding).
 39054 | Vaults:4 | 39054 ||| Stepping ~*~*~tactically~*~*~ (hiding).
 39055 | Vaults:4 | 39055 ||| Stepping ~*~*~tactically~*~*~ (stealth).
 39057 | Vaults:4 | 39057 ||| Stepping ~*~*~tactically~*~*~ (hiding).
 39293 | Vaults:4 | 39293 ||| Stepping ~*~*~tactically~*~*~ (stealth).
 39295 | Vaults:4 | 39295 ||| Stepping ~*~*~tactically~*~*~ (hiding).
 39297 | Vaults:4 | 39297 ||| Stepping ~*~*~tactically~*~*~ (hiding).
 39300 | Vaults:4 | 39300 ||| INVOKING Heroism.
 39301 | Vaults:4 | 39301 ||| INVOKING Finesse.
 39315 | Vaults:4 | Reached skill level 9 in Dodging
 39325 | Vaults:4 | Reached skill level 19 in Armour
 39614 | Vaults:4 | 39614 ||| Stepping ~*~*~tactically~*~*~ (stealth).
 39745 | Vaults:4 | 39745 ||| Stepping ~*~*~tactically~*~*~ (hiding).
 39760 | Vaults:4 | 39760 ||| INVOKING Heroism.
 39895 | Vaults:4 | 39895 ||| PLANNING SWAMP:4
 40301 | Swamp:4  | Entered Level 4 of the Swamp
 40303 | Swamp:4  | Identified the +4 battleaxe of Vumolar {protect, rElec
                  | Str+2 Int-3 Dex+2}
 40307 | Swamp:4  | 40307 ||| Stepping ~*~*~tactically~*~*~ (hiding).
 40308 | Swamp:4  | 40308 ||| Stepping ~*~*~tactically~*~*~ (hiding).
 40310 | Swamp:4  | 40310 ||| Stepping ~*~*~tactically~*~*~ (hiding).
 40319 | Swamp:4  | Identified the +6 chain mail of Qaobear {rF+ rC- rN+ Dex+7}
                  | (Okawaru gifted it to you on level 4 of the Swamp)
 40319 | Swamp:4  | Received a gift from Okawaru
 40483 | Swamp:4  | 40483 ||| Stepping ~*~*~tactically~*~*~ (hiding).
 40484 | Swamp:4  | 40484 ||| Stepping ~*~*~tactically~*~*~ (hiding).
 40660 | Swamp:4  | 40660 ||| Stepping ~*~*~tactically~*~*~ (hiding).
 40661 | Swamp:4  | 40661 ||| Stepping ~*~*~tactically~*~*~ (hiding).
 40667 | Swamp:4  | 40667 ||| FLEEEEING.
 40752 | Swamp:4  | 40752 ||| FLEEEEING.
 40827 | Swamp:4  | 40827 ||| FLEEEEING.
 40992 | Swamp:4  | 40992 ||| INVOKING Heroism.
 41028 | Swamp:4  | 41028 ||| READING scroll of enchant weapon.
 41028 | Swamp:4  | 41028 ||| ENCHANTING +6 vampiric broad axe.
 41047 | Swamp:4  | Found a blossoming altar of Fedhas.
 41049 | Swamp:4  | 41049 ||| INVOKING Heroism.
 41050 | Swamp:4  | 41050 ||| INVOKING Finesse.
 41074 | Swamp:4  | 41074 ||| DRINKING 5 potions of cancellation.
 41099 | Swamp:4  | Got a decaying rune of Zot
 41118 | Swamp:4  | Found a basalt altar of Yredelemnul.
 41269 | Swamp:4  | 41269 ||| PLANNING DEPTHS
 41573 | Depths:1 | Entered Level 1 of the Depths
 41587 | Depths:1 | 41587 ||| FLEEEEING.
 41588 | Depths:1 | 41588 ||| Stepping ~*~*~tactically~*~*~ (stealth).
 41847 | Depths:1 | Found a one-way gate to the infinite horrors of the Abyss.
 41857 | Depths:1 | 41857 ||| Stepping ~*~*~tactically~*~*~ (hiding).
 41929 | Depths:1 | 41929 ||| Stepping ~*~*~tactically~*~*~ (hiding).
 41982 | Depths:1 | 41982 ||| Stepping ~*~*~tactically~*~*~ (stealth).
 41984 | Depths:1 | 41984 ||| Stepping ~*~*~tactically~*~*~ (hiding).
 41986 | Depths:1 | 41986 ||| Stepping ~*~*~tactically~*~*~ (hiding).
 42164 | Depths:1 | 42164 ||| Stepping ~*~*~tactically~*~*~ (hiding).
 42326 | Depths:1 | 42326 ||| Stepping ~*~*~tactically~*~*~ (hiding).
 42328 | Depths:1 | 42328 ||| Stepping ~*~*~tactically~*~*~ (hiding).
 42344 | Depths:1 | Found Naish's Island Escapes.
 42352 | Depths:1 | 42352 ||| BUYING scroll of teleportation (54 gold).
 42352 | Depths:1 | Bought a scroll of teleportation for 54 gold pieces
 42362 | Depths:1 | 42362 ||| Stepping ~*~*~tactically~*~*~ (hiding).
 42404 | Depths:1 | Found a gateway to Hell.
 42465 | Depths:1 | Reached skill level 18 in Fighting
 42563 | Depths:1 | Found Tionuuph's Book Shoppe.
 43133 | Depths:2 | Found a one-way gate leading to the halls of Pandemonium.
 43168 | Depths:2 | 43168 ||| INVOKING Heroism.
 43169 | Depths:2 | 43169 ||| INVOKING Finesse.
 43201 | Depths:2 | Received a gift from Okawaru
 43345 | Depths:2 | 43345 ||| Stepping ~*~*~tactically~*~*~ (hiding).
 43369 | Depths:2 | 43369 ||| Stepping ~*~*~tactically~*~*~ (hiding).
 43382 | Depths:2 | 43382 ||| Stepping ~*~*~tactically~*~*~ (hiding).
 43395 | Depths:2 | 43395 ||| INVOKING Heroism.
 43438 | Depths:2 | Reached XP level 22. HP: 147/147 MP: 29/29
 43438 | Depths:2 | 43438 ||| INVOKING Finesse.
 43442 | Depths:2 | 43442 ||| Stepping ~*~*~tactically~*~*~ (hiding).
 43455 | Depths:2 | 43455 ||| INVOKING Heroism.
 43483 | Depths:2 | Reached skill level 20 in Armour
 43728 | Depths:2 | 43728 ||| Stepping ~*~*~tactically~*~*~ (hiding).
 43752 | Depths:2 | 43752 ||| READING scroll of enchant weapon.
 43752 | Depths:2 | 43752 ||| ENCHANTING +7 vampiric broad axe.
 43776 | Depths:2 | 43776 ||| Stepping ~*~*~tactically~*~*~ (hiding).
 43801 | Depths:2 | 43801 ||| INVOKING Heroism.
 43855 | Depths:2 | 43855 ||| Stepping ~*~*~tactically~*~*~ (hiding).
 43857 | Depths:2 | 43857 ||| INVOKING Heroism.
 43897 | Depths:2 | 43897 ||| Stepping ~*~*~tactically~*~*~ (hiding).
 43913 | Depths:2 | 43913 ||| DROPPING ring of willpower.
 43914 | Depths:2 | 43914 ||| INVOKING Heroism.
 43919 | Depths:2 | Received a gift from Okawaru
 43929 | Depths:2 | 43929 ||| READING scroll of enchant weapon.
 43929 | Depths:2 | 43929 ||| ENCHANTING +8 vampiric broad axe.
 43950 | Depths:2 | 43950 ||| Stepping ~*~*~tactically~*~*~ (hiding).
 43953 | Depths:2 | 43953 ||| INVOKING Heroism.
 43979 | Depths:2 | 43979 ||| Stepping ~*~*~tactically~*~*~ (stealth).
 43980 | Depths:2 | 43980 ||| Stepping ~*~*~tactically~*~*~ (stealth).
 43981 | Depths:2 | 43981 ||| Stepping ~*~*~tactically~*~*~ (stealth).
 43994 | Depths:2 | 43994 ||| Stepping ~*~*~tactically~*~*~ (stealth).
 44076 | Depths:2 | 44076 ||| Stepping ~*~*~tactically~*~*~ (stealth).
 44078 | Depths:2 | 44078 ||| Stepping ~*~*~tactically~*~*~ (stealth).
 44478 | Depths:3 | Found a one-way gateway to a ziggurat.
 44514 | Depths:3 | Found a large runed translucent door.
 44516 | Depths:3 | Found a large runed translucent door.
 44568 | Depths:3 | 44568 ||| INVOKING Heroism.
 44673 | Depths:3 | Received a gift from Okawaru
 44681 | Depths:3 | 44681 ||| INVOKING Heroism.
 44711 | Depths:3 | 44711 ||| Stepping ~*~*~tactically~*~*~ (stealth).
 44786 | Depths:3 | 44786 ||| Stepping ~*~*~tactically~*~*~ (hiding).
 44866 | Depths:3 | 44866 ||| Stepping ~*~*~tactically~*~*~ (hiding).
 45120 | Depths:3 | Found the +8 storm bow {elec, penet}
 45293 | Depths:3 | Received a gift from Okawaru
 45497 | Depths:3 | 45497 ||| DROPPING +2 pair of boots.
 45537 | Depths:4 | Entered Level 4 of the Depths
 45545 | Depths:4 | Noticed a golden dragon
 45546 | Depths:4 | 45546 ||| INVOKING Heroism.
 45555 | Depths:4 | Killed a golden dragon
 45706 | Depths:4 | 45706 ||| FLEEEEING.
 45707 | Depths:4 | 45707 ||| FLEEEEING.
 45708 | Depths:4 | 45708 ||| FLEEEEING.
 45709 | Depths:4 | 45709 ||| FLEEEEING.
 45710 | Depths:4 | 45710 ||| FLEEEEING.
 45711 | Depths:4 | 45711 ||| FLEEEEING.
 45712 | Depths:4 | 45712 ||| FLEEEEING.
 45713 | Depths:4 | 45713 ||| FLEEEEING.
 45728 | Depths:4 | 45728 ||| FLEEEEING.
 45729 | Depths:4 | 45729 ||| FLEEEEING.
 45730 | Depths:4 | 45730 ||| FLEEEEING.
 45855 | Depths:4 | 45855 ||| INVOKING Heroism.
 45869 | Depths:4 | Identified the +2 short sword of Oprizis Xitt {venom,
                  | rElec}
 45907 | Depths:4 | 45907 ||| Stepping ~*~*~tactically~*~*~ (hiding).
 45943 | Depths:4 | 45943 ||| Stepping ~*~*~tactically~*~*~ (stealth).
 45945 | Depths:4 | 45945 ||| Stepping ~*~*~tactically~*~*~ (hiding).
 45950 | Depths:4 | 45950 ||| INVOKING Heroism.
 45951 | Depths:4 | 45951 ||| Stepping ~*~*~tactically~*~*~ (hiding).
 45972 | Depths:4 | Received a gift from Okawaru
 46017 | Depths:4 | Noticed a golden dragon
 46020 | Depths:4 | 46020 ||| INVOKING Heroism.
 46039 | Depths:4 | Killed a golden dragon
 46075 | Depths:4 | 46075 ||| FLEEEEING.
 46137 | Depths:4 | Found a gate to the Realm of Zot.
 46141 | Depths:4 | 46141 ||| INVOKING Heroism.
 46450 | Depths:4 | 46450 ||| Stepping ~*~*~tactically~*~*~ (stealth).
 46455 | Depths:4 | 46455 ||| Stepping ~*~*~tactically~*~*~ (stealth).
 46466 | Depths:4 | Reached skill level 21 in Armour
 46638 | Depths:4 | 46638 ||| Stepping ~*~*~tactically~*~*~ (hiding).
 46758 | Depths:4 | 46758 ||| PLANNING VAULTS:5
 47174 | Vaults:5 | Entered Level 5 of the Vaults
 47174 | Vaults:5 | Noticed Margery
 47175 | Vaults:5 | 47175 ||| DRINKING 6 potions of resistance.
 47176 | Vaults:5 | 47176 ||| INVOKING Heroism.
 47194 | Vaults:5 | Killed Margery
 47216 | Vaults:5 | Received a gift from Okawaru
 47220 | Vaults:5 | 47220 ||| INVOKING Heroism.
 47283 | Vaults:5 | 47283 ||| INVOKING Heroism.
 47322 | Vaults:5 | 47322 ||| INVOKING Heroism.
 47326 | Vaults:5 | Reached XP level 23. HP: 155/155 MP: 27/30
 47332 | Vaults:5 | Received a gift from Okawaru
 47369 | Vaults:5 | 47369 ||| INVOKING Heroism.
 47403 | Vaults:5 | Identified the +1 dagger of the Grand God {holy, *Corrode
                  | rC+ Int+3}
 47416 | Vaults:5 | 47416 ||| Stepping ~*~*~tactically~*~*~ (hiding).
 47417 | Vaults:5 | 47417 ||| Stepping ~*~*~tactically~*~*~ (hiding).
 47418 | Vaults:5 | 47418 ||| Stepping ~*~*~tactically~*~*~ (hiding).
 47419 | Vaults:5 | 47419 ||| Stepping ~*~*~tactically~*~*~ (hiding).
 47420 | Vaults:5 | 47420 ||| Stepping ~*~*~tactically~*~*~ (hiding).
 47452 | Vaults:5 | Noticed an ancient lich
 47453 | Vaults:5 | 47453 ||| INVOKING Heroism.
 47465 | Vaults:5 | Killed an ancient lich
 47518 | Vaults:5 | 47518 ||| INVOKING Heroism.
 47524 | Vaults:5 | 47524 ||| Stepping ~*~*~tactically~*~*~ (hiding).
 47525 | Vaults:5 | 47525 ||| Stepping ~*~*~tactically~*~*~ (hiding).
 47527 | Vaults:5 | 47527 ||| Stepping ~*~*~tactically~*~*~ (hiding).
 47529 | Vaults:5 | 47529 ||| Stepping ~*~*~tactically~*~*~ (hiding).
 47530 | Vaults:5 | 47530 ||| Stepping ~*~*~tactically~*~*~ (hiding).
 47549 | Vaults:5 | 47549 ||| Stepping ~*~*~tactically~*~*~ (stealth).
 47552 | Vaults:5 | Got a silver rune of Zot
 47554 | Vaults:5 | Identified the +1 chain mail of Zantubb {rElec rF+}
 47562 | Vaults:5 | 47562 ||| Stepping ~*~*~tactically~*~*~ (stealth).
 47572 | Vaults:5 | Noticed an ancient lich
 47573 | Vaults:5 | 47573 ||| INVOKING Heroism.
 47587 | Vaults:5 | Killed an ancient lich
 47604 | Vaults:5 | 47604 ||| Stepping ~*~*~tactically~*~*~ (hiding).
 47669 | Vaults:5 | Identified the staff of fire "Siroq" {rF+ rC- Will++ Int+2
                  | Stlth+}
 47674 | Vaults:5 | Identified the +3 plate armour of Tegexem {rElec Str-2
                  | Stlth+}
 47703 | Vaults:5 | 47703 ||| INVOKING Heroism.
 47755 | Vaults:5 | 47755 ||| Stepping ~*~*~tactically~*~*~ (hiding).
 47877 | Vaults:5 | Identified the +2 pair of gloves of Ruoge {Fly rElec rF+++
                  | Dex-4}
 47892 | Vaults:5 | 47892 ||| Stepping ~*~*~tactically~*~*~ (stealth).
 47892 | Vaults:5 | Identified the +0 plate armour "Toc Lifi" {rPois}
 47964 | Vaults:5 | 47964 ||| Stepping ~*~*~tactically~*~*~ (stealth).
 47971 | Vaults:5 | Noticed an ancient lich
 47972 | Vaults:5 | 47972 ||| INVOKING Heroism.
 48004 | Vaults:5 | Killed an ancient lich
 48005 | Vaults:5 | Reached skill level 22 in Armour
 48114 | Vaults:5 | 48114 ||| Stepping ~*~*~tactically~*~*~ (hiding).
 48122 | Vaults:5 | Noticed Mara
 48123 | Vaults:5 | 48123 ||| Stepping ~*~*~tactically~*~*~ (hiding).
 48128 | Vaults:5 | 48128 ||| INVOKING Heroism.
 48135 | Vaults:5 | Noticed qw's illusion
 48153 | Vaults:5 | 48153 ||| INVOKING Finesse.
 48160 | Vaults:5 | Noticed qw's illusion
 48162 | Vaults:5 | Killed Mara
 48219 | Vaults:5 | 48219 ||| Stepping ~*~*~tactically~*~*~ (stealth).
 48221 | Vaults:5 | 48221 ||| Stepping ~*~*~tactically~*~*~ (hiding).
 48243 | Vaults:5 | 48243 ||| Stepping ~*~*~tactically~*~*~ (hiding).
 48299 | Vaults:5 | 48299 ||| Stepping ~*~*~tactically~*~*~ (stealth).
 48301 | Vaults:5 | 48301 ||| Stepping ~*~*~tactically~*~*~ (hiding).
 48367 | Vaults:5 | 48367 ||| Stepping ~*~*~tactically~*~*~ (hiding).
 48431 | Vaults:5 | 48431 ||| Stepping ~*~*~tactically~*~*~ (hiding).
 48434 | Vaults:5 | 48434 ||| Stepping ~*~*~tactically~*~*~ (hiding).
 48573 | Vaults:5 | 48573 ||| INVOKING Heroism.
 48586 | Vaults:5 | 48586 ||| Stepping ~*~*~tactically~*~*~ (hiding).
 48647 | Vaults:5 | 48647 ||| Stepping ~*~*~tactically~*~*~ (hiding).
 48659 | Vaults:5 | 48659 ||| FLEEEEING.
 48668 | Vaults:5 | 48668 ||| INVOKING Heroism.
 48669 | Vaults:5 | an iron giant changed into a caustic shrike
 48669 | Vaults:5 | Noticed a caustic shrike (glowing shapeshifter)
 48671 | Vaults:5 | 48671 ||| Stepping ~*~*~tactically~*~*~ (hiding).
 48683 | Vaults:5 | an iron giant changed into a caustic shrike
 48683 | Vaults:5 | Noticed a caustic shrike (glowing shapeshifter)
 48685 | Vaults:5 | a caustic shrike changed into a golden dragon
 48685 | Vaults:5 | Noticed a golden dragon (glowing shapeshifter)
 48687 | Vaults:5 | a golden dragon changed into an iron troll
 48712 | Vaults:5 | 48712 ||| Stepping ~*~*~tactically~*~*~ (hiding).
 48713 | Vaults:5 | 48713 ||| Stepping ~*~*~tactically~*~*~ (hiding).
 49007 | Vaults:5 | 49007 ||| Stepping ~*~*~tactically~*~*~ (hiding).
 49012 | Vaults:5 | 49012 ||| INVOKING Heroism.
 49030 | Vaults:5 | Identified the +1 buckler "Uwuett" {Str+4}
 49139 | Vaults:5 | 49139 ||| PLANNING SHOPPING SPREE
 49139 | Vaults:5 | 49139 ||| DROPPING +0 cloak.
 49140 | Vaults:5 | 49140 ||| DROPPING +2 pair of gloves.
 49572 | D:5      | 49572 ||| PLANNING ZOT:1-4
 50009 | Zot:1    | Entered Level 1 of the Realm of Zot
 50060 | Zot:1    | 50060 ||| INVOKING Heroism.
 50272 | Zot:1    | 50272 ||| Stepping ~*~*~tactically~*~*~ (stealth).
 50273 | Zot:1    | 50273 ||| Stepping ~*~*~tactically~*~*~ (stealth).
 50277 | Zot:1    | 50277 ||| Stepping ~*~*~tactically~*~*~ (hiding).
 50299 | Zot:1    | Noticed a golden dragon
 50300 | Zot:1    | 50300 ||| INVOKING Heroism.
 50322 | Zot:1    | Killed a golden dragon
 50390 | Zot:1    | 50390 ||| Stepping ~*~*~tactically~*~*~ (hiding).
 50392 | Zot:1    | 50392 ||| INVOKING Heroism.
 50468 | Zot:1    | 50468 ||| Stepping ~*~*~tactically~*~*~ (stealth).
 50469 | Zot:1    | 50469 ||| Stepping ~*~*~tactically~*~*~ (stealth).
 50470 | Zot:1    | 50470 ||| Stepping ~*~*~tactically~*~*~ (stealth).
 50475 | Zot:1    | 50475 ||| INVOKING Heroism.
 50535 | Zot:1    | 50535 ||| INVOKING Heroism.
 50995 | Zot:1    | 50995 ||| Stepping ~*~*~tactically~*~*~ (cloud).
 50996 | Zot:1    | 50996 ||| INVOKING Heroism.
 50997 | Zot:1    | 50997 ||| Stepping ~*~*~tactically~*~*~ (cloud).
 50998 | Zot:1    | 50998 ||| Stepping ~*~*~tactically~*~*~ (cloud).
 51096 | Zot:1    | 51096 ||| UPGRADING to +2 pair of gloves of Ruoge {Fly
                  | rElec rF+++ Dex-4}.
 51175 | Zot:2    | Identified the ring "Vugrog Xur" {Ice Dex+4}
 51175 | Zot:2    | Noticed Josephina
 51176 | Zot:2    | 51176 ||| INVOKING Heroism.
 51194 | Zot:2    | Reached skill level 21 in Shields
 51201 | Zot:2    | Killed Josephina
 51201 | Zot:2    | Received a gift from Okawaru
 51212 | Zot:2    | Reached XP level 24. HP: 122/163 MP: 30/30
 51616 | Zot:2    | 51616 ||| INVOKING Heroism.
 51630 | Zot:2    | 51630 ||| Stepping randomly (disturbance).
 51858 | Zot:2    | 51858 ||| Stepping ~*~*~tactically~*~*~ (hiding).
 51863 | Zot:2    | 51863 ||| INVOKING Heroism.
 51879 | Zot:2    | 51879 ||| Stepping ~*~*~tactically~*~*~ (hiding).
 51881 | Zot:2    | 51881 ||| Stepping ~*~*~tactically~*~*~ (hiding).
 51889 | Zot:2    | Reached skill level 21 in Fighting
 51922 | Zot:2    | 51922 ||| INVOKING Heroism.
 52071 | Zot:2    | Noticed a curse toe
 52072 | Zot:2    | 52072 ||| INVOKING Heroism.
 52082 | Zot:2    | Killed a curse toe
 52082 | Zot:2    | Identified the +1 broad axe "Jacuxed" {heavy, rElec}
                  | (Okawaru gifted it to you on level 2 of the Realm of Zot)
 52082 | Zot:2    | Received a gift from Okawaru
 52085 | Zot:2    | 52085 ||| DROPPING +1 broad axe "Jacuxed" {heavy, rElec}.
 52178 | Zot:2    | 52178 ||| DROPPING +1 cloak.
 52179 | Zot:2    | 52179 ||| DROPPING +0 cloak of poison resistance.
 52238 | Zot:3    | Noticed a curse toe
 52239 | Zot:3    | 52239 ||| INVOKING Heroism.
 52267 | Zot:3    | 52267 ||| INVOKING Heroism.
 52279 | Zot:3    | Killed a curse toe
 52337 | Zot:3    | 52337 ||| INVOKING Heroism.
 52517 | Zot:3    | 52517 ||| INVOKING Heroism.
 52528 | Zot:3    | Reached skill level 12 in Throwing
 52588 | Zot:3    | 52588 ||| Stepping ~*~*~tactically~*~*~ (hiding).
 52659 | Zot:3    | 52659 ||| Stepping ~*~*~tactically~*~*~ (hiding).
 52766 | Zot:3    | Noticed a curse toe
 52767 | Zot:3    | 52767 ||| INVOKING Heroism.
 52794 | Zot:3    | Killed a curse toe
 53107 | Zot:3    | 53107 ||| DROPPING +2 cloak.
 53108 | Zot:3    | 53108 ||| DROPPING +1 cloak.
 53331 | Zot:4    | 53331 ||| Stepping ~*~*~tactically~*~*~ (hiding).
 53364 | Zot:4    | Received a gift from Okawaru
 53479 | Zot:4    | 53479 ||| Stepping randomly (disturbance).
 53958 | Zot:4    | Noticed a curse toe
 53959 | Zot:4    | 53959 ||| INVOKING Heroism.
 53982 | Zot:4    | Killed a curse toe
 54118 | Zot:4    | Noticed an orb of fire
 54121 | Zot:4    | Gained mutation: You are dopey. (Int -2) [an orb of fire]
 54122 | Zot:4    | 54122 ||| INVOKING Heroism.
 54123 | Zot:4    | 54123 ||| INVOKING Finesse.
 54145 | Zot:4    | Gained mutation: You are occasionally teleported next to
                  | monsters. [an orb of fire]
 54148 | Zot:4    | Killed an orb of fire
 54148 | Zot:4    | Received a gift from Okawaru
 54193 | Zot:4    | 54193 ||| DRINKING 10 potions of mutation.
 54193 | Zot:4    | Lost mutation: You are dopey. (Int -2) [potion of mutation]
 54193 | Zot:4    | Lost mutation: You are occasionally teleported next to
                  | monsters. [potion of mutation]
 54193 | Zot:4    | Gained mutation: You have very sharp teeth. [potion of
                  | mutation]
 54193 | Zot:4    | Gained mutation: Your body sometimes deteriorates upon
                  | taking damage. [potion of mutation]
 54524 | Zot:4    | 54524 ||| PLANNING THE SHINING ONE WORSHIP
 54524 | Zot:4    | 54524 ||| UPGRADING to +3 pair of gloves "Earthly Heaven"
                  | {Will+ Int+3 Dex+4}.
 55057 | D:7      | Fell from the grace of Okawaru
 55057 | D:7      | Became a worshipper of the Shining One
 55057 | D:7      | 55057 ||| PLANNING CRYPT
 55081 | D:7      | 55081 ||| SWAPPING to +1 hand axe of electrocution.
 55082 | D:7      | 55082 ||| DROPPING +0 hand axe.
 55083 | D:7      | 55083 ||| READING 4 scrolls of brand weapon.
 55083 | D:7      | 55083 ||| BRANDING +1 hand axe of electrocution.
 55084 | D:7      | 55084 ||| READING 3 scrolls of brand weapon.
 55084 | D:7      | 55084 ||| BRANDING +1 hand axe of venom.
 55085 | D:7      | 55085 ||| READING 2 scrolls of brand weapon.
 55085 | D:7      | 55085 ||| BRANDING +1 hand axe of protection.
 55086 | D:7      | 55086 ||| READING scroll of brand weapon.
 55086 | D:7      | 55086 ||| BRANDING +1 heavy hand axe.
 55087 | D:7      | 55087 ||| READING 5 scrolls of enchant weapon.
 55087 | D:7      | 55087 ||| ENCHANTING +1 hand axe of venom.
 55088 | D:7      | 55088 ||| READING 4 scrolls of enchant weapon.
 55088 | D:7      | 55088 ||| ENCHANTING +2 hand axe of venom.
 55089 | D:7      | 55089 ||| READING 3 scrolls of enchant weapon.
 55089 | D:7      | 55089 ||| ENCHANTING +3 hand axe of venom.
 55090 | D:7      | 55090 ||| READING 2 scrolls of enchant weapon.
 55090 | D:7      | 55090 ||| ENCHANTING +4 hand axe of venom.
 55091 | D:7      | 55091 ||| READING scroll of enchant weapon.
 55091 | D:7      | 55091 ||| ENCHANTING +5 hand axe of venom.
 55362 | Crypt:1  | Entered Level 1 of the Crypt
 55502 | Crypt:1  | 55502 ||| Stepping ~*~*~tactically~*~*~ (hiding).
 55550 | Crypt:1  | 55550 ||| FLEEEEING.
 55553 | Crypt:1  | Reached * piety under the Shining One
 55561 | Crypt:1  | 55561 ||| FLEEEEING.
 55578 | Crypt:1  | 55578 ||| FLEEEEING.
 55776 | Crypt:1  | 55776 ||| SWAPPING to +0 war axe.
 55777 | Crypt:1  | 55777 ||| DROPPING +6 hand axe of venom.
 55954 | Crypt:1  | Reached ** piety under the Shining One
 56201 | Crypt:1  | 56201 ||| Stepping ~*~*~tactically~*~*~ (hiding).
 56348 | Crypt:1  | Reached *** piety under the Shining One
 56532 | Crypt:1  | 56532 ||| Stepping ~*~*~tactically~*~*~ (stealth).
 56537 | Crypt:1  | Reached XP level 25. HP: 173/173 MP: 31/31
 57098 | Crypt:2  | Noticed Vv
 57099 | Crypt:2  | 57099 ||| DRINKING 5 potions of resistance.
 57120 | Crypt:2  | Reached skill level 12 in Invocations
 57162 | Crypt:2  | HP: 42/173 [Vv (13)]
 57163 | Crypt:2  | 57163 ||| READING 18 scrolls of teleportation.
 57164 | Crypt:2  | 57164 ||| DRINKING 7 potions of heal wounds.
 57408 | Crypt:2  | Reached **** piety under the Shining One
 57410 | Crypt:2  | 57410 ||| DRINKING 4 potions of resistance.
 57489 | Crypt:2  | 57489 ||| DRINKING 3 potions of resistance.
 57502 | Crypt:2  | HP: 32/173 [Vv (20)]
 57503 | Crypt:2  | 57503 ||| READING 17 scrolls of teleportation.
 57504 | Crypt:2  | 57504 ||| DRINKING 6 potions of heal wounds.
 57510 | Crypt:2  | 57510 ||| INVOKING Cleansing Flame.
 57511 | Crypt:2  | 57511 ||| INVOKING Cleansing Flame.
 57512 | Crypt:2  | 57512 ||| INVOKING Cleansing Flame.
 57678 | Crypt:2  | 57678 ||| FLEEEEING.
 57679 | Crypt:2  | 57679 ||| FLEEEEING.
 57808 | Crypt:2  | Reached ***** piety under the Shining One
 57811 | Crypt:2  | 57811 ||| INVOKING Cleansing Flame.
 57812 | Crypt:2  | 57812 ||| INVOKING Cleansing Flame.
 57813 | Crypt:2  | 57813 ||| INVOKING Cleansing Flame.
 58091 | Crypt:2  | 58091 ||| FLEEEEING.
 58092 | Crypt:2  | 58092 ||| FLEEEEING.
 58093 | Crypt:2  | 58093 ||| FLEEEEING.
 58094 | Crypt:2  | 58094 ||| FLEEEEING.
 58095 | Crypt:2  | 58095 ||| FLEEEEING.
 58112 | Crypt:2  | 58112 ||| INVOKING Summon Divine Warrior.
 58499 | Crypt:2  | 58499 ||| Stepping ~*~*~tactically~*~*~ (hiding).
 58634 | Crypt:2  | 58634 ||| DRINKING 2 potions of resistance.
 58635 | Crypt:2  | 58635 ||| INVOKING Summon Divine Warrior.
 58683 | Crypt:2  | HP: 38/173 [Vv (9)]
 58684 | Crypt:2  | 58684 ||| READING 16 scrolls of teleportation.
 58685 | Crypt:2  | 58685 ||| DRINKING 5 potions of heal wounds.
 58818 | Crypt:2  | 58818 ||| FLEEEEING.
 59080 | Crypt:2  | 59080 ||| Stepping ~*~*~tactically~*~*~ (hiding).
 59081 | Crypt:2  | 59081 ||| Stepping ~*~*~tactically~*~*~ (hiding).
 59083 | Crypt:2  | 59083 ||| Stepping ~*~*~tactically~*~*~ (hiding).
 59084 | Crypt:2  | 59084 ||| Stepping ~*~*~tactically~*~*~ (hiding).
 59085 | Crypt:2  | 59085 ||| DRINKING potion of resistance.
 59159 | Crypt:2  | Killed Vv
 59578 | Crypt:3  | Entered Level 3 of the Crypt
 59619 | Crypt:3  | 59619 ||| Stepping ~*~*~tactically~*~*~ (stealth).
 59869 | Crypt:3  | Identified the +2 mace "Xumuell" {venom, rN+ Will+ rCorr}
 59946 | Crypt:3  | Paralysed by a sphinx for 3 turns
 59994 | Crypt:3  | 59994 ||| INVOKING Cleansing Flame.
 59995 | Crypt:3  | 59995 ||| INVOKING Cleansing Flame.
 60190 | Crypt:3  | Identified the ring "Dumuisig" {Fly rF+}
 60193 | Crypt:3  | Noticed a dread lich
 60204 | Crypt:3  | Reached skill level 15 in Invocations
 60228 | Crypt:3  | Noticed a dread lich
 60229 | Crypt:3  | 60229 ||| INVOKING Summon Divine Warrior.
 60231 | Crypt:3  | 60231 ||| INVOKING Cleansing Flame.
 60234 | Crypt:3  | Killed a dread lich
 60482 | Crypt:3  | Reached ****** piety under the Shining One
 60505 | Crypt:3  | 60505 ||| INVOKING Brand Weapon With Holy Wrath.
 60505 | Crypt:3  | Identified a +9 broad axe of holy wrath (a +9 vampiric
                  | broad axe blessed by the Shining One)
 60505 | Crypt:3  | Received a gift from the Shining One
 60506 | Crypt:3  | 60506 ||| SWAPPING to +9 broad axe of holy wrath.
 60507 | Crypt:3  | 60507 ||| DROPPING +0 war axe.
 60508 | Crypt:3  | Found a staircase to the Tomb.
 61053 | Crypt:3  | 61053 ||| PLANNING TOMB
 61118 | Tomb:1   | Entered Level 1 of the Tomb of the Ancients
 61315 | Tomb:1   | 61315 ||| INVOKING Cleansing Flame.
 61457 | Tomb:1   | 61457 ||| INVOKING Cleansing Flame.
 61458 | Tomb:1   | 61458 ||| INVOKING Cleansing Flame.
 61463 | Tomb:1   | Reached skill level 23 in Armour
 61813 | Tomb:1   | 61813 ||| INVOKING Summon Divine Warrior.
 62209 | Tomb:1   | Noticed a royal mummy
 62210 | Tomb:1   | 62210 ||| INVOKING Summon Divine Warrior.
 62213 | Tomb:1   | 62213 ||| INVOKING Cleansing Flame.
 62214 | Tomb:1   | 62214 ||| INVOKING Cleansing Flame.
 62215 | Tomb:1   | 62215 ||| INVOKING Cleansing Flame.
 62215 | Tomb:1   | Killed a royal mummy
 62218 | Tomb:1   | 62218 ||| INVOKING Cleansing Flame.
 62226 | Tomb:1   | 62226 ||| INVOKING Cleansing Flame.
 62227 | Tomb:1   | 62227 ||| INVOKING Cleansing Flame.
 62229 | Tomb:1   | 62229 ||| FLEEEEING.
 62230 | Tomb:1   | 62230 ||| FLEEEEING.
 62231 | Tomb:1   | 62231 ||| FLEEEEING.
 62238 | Tomb:1   | 62238 ||| INVOKING Cleansing Flame.
 62249 | Tomb:1   | 62249 ||| FLEEEEING.
 62252 | Tomb:1   | 62252 ||| FLEEEEING.
 62253 | Tomb:1   | 62253 ||| FLEEEEING.
 62254 | Tomb:1   | 62254 ||| FLEEEEING.
 62255 | Tomb:1   | 62255 ||| FLEEEEING.
 62256 | Tomb:1   | 62256 ||| FLEEEEING.
 62257 | Tomb:1   | 62257 ||| FLEEEEING.
 62258 | Tomb:1   | 62258 ||| FLEEEEING.
 62259 | Tomb:1   | 62259 ||| FLEEEEING.
 62260 | Tomb:1   | 62260 ||| FLEEEEING.
 62452 | Tomb:1   | 62452 ||| INVOKING Cleansing Flame.
 62497 | Tomb:1   | 62497 ||| Stepping ~*~*~tactically~*~*~ (cloud).
 62507 | Tomb:1   | 62507 ||| INVOKING Summon Divine Warrior.
 62510 | Tomb:1   | 62510 ||| INVOKING Cleansing Flame.
 62511 | Tomb:1   | 62511 ||| INVOKING Cleansing Flame.
 62518 | Tomb:1   | Was forgiven by Okawaru
 62611 | Tomb:1   | 62611 ||| Stepping ~*~*~tactically~*~*~ (stealth).
 62619 | Tomb:1   | 62619 ||| Stepping ~*~*~tactically~*~*~ (stealth).
 62622 | Tomb:1   | 62622 ||| Stepping ~*~*~tactically~*~*~ (stealth).
 62623 | Tomb:1   | 62623 ||| Stepping ~*~*~tactically~*~*~ (stealth).
 62624 | Tomb:1   | 62624 ||| Stepping ~*~*~tactically~*~*~ (stealth).
 62625 | Tomb:1   | 62625 ||| Stepping ~*~*~tactically~*~*~ (stealth).
 62629 | Tomb:1   | 62629 ||| Stepping ~*~*~tactically~*~*~ (stealth).
 62645 | Tomb:1   | Gained mutation: Your body often deteriorates upon taking
                  | damage. [mutagenic glow]
 62656 | Tomb:1   | Gained mutation: You sometimes lose your temper in combat.
                  | [mutagenic glow]
 62660 | Tomb:1   | Noticed a royal mummy
 62661 | Tomb:1   | 62661 ||| INVOKING Summon Divine Warrior.
 62663 | Tomb:1   | 62663 ||| INVOKING Cleansing Flame.
 62672 | Tomb:1   | Killed a royal mummy
 62675 | Tomb:1   | Noticed a royal mummy
 62681 | Tomb:1   | Killed a royal mummy
 62686 | Tomb:1   | 62686 ||| INVOKING Cleansing Flame.
 62776 | Tomb:1   | 62776 ||| DRINKING 9 potions of mutation.
 62776 | Tomb:1   | Lost mutation: You have very sharp teeth. [potion of
                  | mutation]
 62776 | Tomb:1   | Lost mutation: Your body often deteriorates upon taking
                  | damage. [potion of mutation]
 62776 | Tomb:1   | Lost mutation: You sometimes lose your temper in combat.
                  | [potion of mutation]
 62776 | Tomb:1   | Gained mutation: You occasionally lose the ability to read
                  | scrolls when taking damage. [potion of mutation]
 62776 | Tomb:1   | Gained mutation: You are robust. (+10% HP) [potion of
                  | mutation]
 62777 | Tomb:1   | 62777 ||| DRINKING 8 potions of mutation.
 62777 | Tomb:1   | Lost mutation: You are robust. (+10% HP) [potion of
                  | mutation]
 62777 | Tomb:1   | Lost mutation: Your body sometimes deteriorates upon taking
                  | damage. [potion of mutation]
 62777 | Tomb:1   | Lost mutation: You occasionally lose the ability to read
                  | scrolls when taking damage. [potion of mutation]
 62777 | Tomb:1   | Gained mutation: You are dopey. (Int -2) [potion of
                  | mutation]
 62994 | Tomb:1   | 62994 ||| DROPPING ring of fire.
 63137 | Tomb:2   | 63137 ||| DRINKING 7 potions of haste.
 63138 | Tomb:2   | 63138 ||| DRINKING 8 potions of attraction.
 63139 | Tomb:2   | 63139 ||| INVOKING Summon Divine Warrior.
 63140 | Tomb:2   | 63140 ||| INVOKING Cleansing Flame.
 63141 | Tomb:2   | 63141 ||| INVOKING Cleansing Flame.
 63143 | Tomb:2   | Noticed a royal mummy
 63143 | Tomb:2   | Noticed a royal mummy
 63145 | Tomb:2   | Reached skill level 24 in Armour
 63145 | Tomb:2   | Reached XP level 26. HP: 179/179 MP: 31/34
 63145 | Tomb:2   | Noticed a royal mummy
 63147 | Tomb:2   | Noticed a royal mummy
 63151 | Tomb:2   | 63151 ||| INVOKING Cleansing Flame.
 63155 | Tomb:2   | 63155 ||| INVOKING Cleansing Flame.
 63155 | Tomb:2   | Killed a royal mummy
 63156 | Tomb:2   | 63156 ||| INVOKING Cleansing Flame.
 63156 | Tomb:2   | Killed a royal mummy
 63156 | Tomb:2   | Killed a royal mummy
 63157 | Tomb:2   | Killed a royal mummy
 63263 | Tomb:2   | 63263 ||| INVOKING Cleansing Flame.
 63264 | Tomb:2   | 63264 ||| INVOKING Cleansing Flame.
 63306 | Tomb:2   | Gained mutation: Your magical capacity is low. (-10% MP)
                  | [mutagenic glow]
 63560 | Tomb:1   | Noticed a royal mummy
 63560 | Tomb:1   | Noticed a royal mummy
 63560 | Tomb:1   | Noticed a royal mummy
 63560 | Tomb:1   | Noticed a royal mummy
 63561 | Tomb:1   | 63561 ||| INVOKING Cleansing Flame.
 63562 | Tomb:1   | 63562 ||| INVOKING Summon Divine Warrior.
 63568 | Tomb:1   | 63568 ||| INVOKING Summon Divine Warrior.
 63569 | Tomb:1   | 63569 ||| INVOKING Summon Divine Warrior.
 63570 | Tomb:1   | 63570 ||| DRINKING 7 potions of magic.
 63571 | Tomb:1   | 63571 ||| INVOKING Summon Divine Warrior.
 63572 | Tomb:1   | 63572 ||| INVOKING Cleansing Flame.
 63573 | Tomb:1   | 63573 ||| INVOKING Cleansing Flame.
 63574 | Tomb:1   | 63574 ||| INVOKING Cleansing Flame.
 63574 | Tomb:1   | Killed a royal mummy
 63574 | Tomb:1   | Killed a royal mummy
 63575 | Tomb:1   | 63575 ||| INVOKING Summon Divine Warrior.
 63577 | Tomb:1   | Killed a royal mummy
 63578 | Tomb:1   | 63578 ||| INVOKING Cleansing Flame.
 63579 | Tomb:1   | 63579 ||| INVOKING Cleansing Flame.
 63579 | Tomb:1   | Killed a royal mummy
 63747 | Tomb:1   | Noticed a royal mummy
 63748 | Tomb:1   | 63748 ||| INVOKING Cleansing Flame.
 63749 | Tomb:1   | 63749 ||| INVOKING Cleansing Flame.
 63750 | Tomb:1   | 63750 ||| INVOKING Summon Divine Warrior.
 63753 | Tomb:1   | Killed a royal mummy
 63818 | Tomb:1   | Noticed a royal mummy
 63819 | Tomb:1   | 63819 ||| INVOKING Cleansing Flame.
 63820 | Tomb:1   | 63820 ||| INVOKING Cleansing Flame.
 63820 | Tomb:1   | Killed a royal mummy
 63832 | Tomb:1   | Noticed a royal mummy
 63835 | Tomb:1   | Killed a royal mummy
 63953 | Tomb:1   | Noticed a royal mummy
 63954 | Tomb:1   | 63954 ||| Stepping ~*~*~tactically~*~*~ (stealth).
 63955 | Tomb:1   | 63955 ||| INVOKING Summon Divine Warrior.
 63957 | Tomb:1   | 63957 ||| INVOKING Cleansing Flame.
 63958 | Tomb:1   | 63958 ||| INVOKING Cleansing Flame.
 63958 | Tomb:1   | Killed a royal mummy
 64051 | Tomb:1   | Noticed a royal mummy
 64065 | Tomb:1   | Noticed a royal mummy
 64071 | Tomb:1   | 64071 ||| INVOKING Cleansing Flame.
 64080 | Tomb:1   | Killed a royal mummy
 64084 | Tomb:1   | 64084 ||| INVOKING Cleansing Flame.
 64085 | Tomb:1   | 64085 ||| INVOKING Cleansing Flame.
 64090 | Tomb:1   | 64090 ||| INVOKING Cleansing Flame.
 64093 | Tomb:1   | Killed a royal mummy
 64094 | Tomb:1   | Reached skill level 25 in Armour
 64257 | Tomb:1   | Noticed a royal mummy
 64260 | Tomb:1   | 64260 ||| INVOKING Cleansing Flame.
 64263 | Tomb:1   | Killed a royal mummy
 64304 | Tomb:1   | Noticed a royal mummy
 64306 | Tomb:1   | Noticed a royal mummy
 64316 | Tomb:1   | Killed a royal mummy
 64317 | Tomb:1   | 64317 ||| INVOKING Cleansing Flame.
 64326 | Tomb:1   | Killed a royal mummy
 64337 | Tomb:1   | Noticed a royal mummy
 64345 | Tomb:1   | Killed a royal mummy
 64514 | Tomb:1   | Noticed a royal mummy
 64523 | Tomb:1   | 64523 ||| INVOKING Cleansing Flame.
 64534 | Tomb:1   | Killed a royal mummy
 64858 | Tomb:1   | Noticed a royal mummy
 64859 | Tomb:1   | 64859 ||| INVOKING Cleansing Flame.
 64860 | Tomb:1   | 64860 ||| INVOKING Cleansing Flame.
 64861 | Tomb:1   | 64861 ||| INVOKING Cleansing Flame.
 64863 | Tomb:1   | 64863 ||| INVOKING Cleansing Flame.
 64864 | Tomb:1   | 64864 ||| INVOKING Cleansing Flame.
 64866 | Tomb:1   | Killed a royal mummy
 65374 | Tomb:2   | 65374 ||| INVOKING Cleansing Flame.
 65378 | Tomb:2   | 65378 ||| INVOKING Cleansing Flame.
 65379 | Tomb:2   | 65379 ||| INVOKING Cleansing Flame.
 65383 | Tomb:2   | 65383 ||| Stepping ~*~*~tactically~*~*~ (hiding).
 65392 | Tomb:2   | 65392 ||| INVOKING Cleansing Flame.
 65395 | Tomb:2   | 65395 ||| INVOKING Cleansing Flame.
 65416 | Tomb:2   | 65416 ||| INVOKING Cleansing Flame.
 65417 | Tomb:2   | 65417 ||| INVOKING Cleansing Flame.
 65418 | Tomb:2   | 65418 ||| INVOKING Cleansing Flame.
 65543 | Tomb:3   | Entered Level 3 of the Tomb of the Ancients
 65544 | Tomb:3   | 65544 ||| DRINKING 6 potions of haste.
 65545 | Tomb:3   | 65545 ||| DRINKING 7 potions of attraction.
 65548 | Tomb:3   | 65548 ||| INVOKING Cleansing Flame.
 65582 | Tomb:3   | 65582 ||| INVOKING Summon Divine Warrior.
 65584 | Tomb:3   | 65584 ||| INVOKING Cleansing Flame.
 65593 | Tomb:3   | Noticed a royal mummy
 65598 | Tomb:3   | 65598 ||| INVOKING Cleansing Flame.
 65599 | Tomb:3   | 65599 ||| INVOKING Cleansing Flame.
 65604 | Tomb:3   | Killed a royal mummy
 65608 | Tomb:3   | 65608 ||| INVOKING Summon Divine Warrior.
 65610 | Tomb:3   | Noticed a royal mummy
 65610 | Tomb:3   | HP: 43/182 [twister/vortex[a Zot trap] (4)]
 65611 | Tomb:3   | 65611 ||| READING 15 scrolls of teleportation.
 65611 | Tomb:3   | HP: 16/182 [royal mummy/divine providence (11)]
 65612 | Tomb:3   | 65612 ||| DRINKING 5 potions of heal wounds.
 65612 | Tomb:3   | Noticed a royal mummy
 65613 | Tomb:3   | 65613 ||| DRINKING 4 potions of heal wounds.
 65669 | Tomb:3   | 65669 ||| INVOKING Summon Divine Warrior.
 65707 | Tomb:3   | 65707 ||| INVOKING Summon Divine Warrior.
 65711 | Tomb:3   | 65711 ||| INVOKING Cleansing Flame.
 65773 | Tomb:3   | Noticed a royal mummy
 65777 | Tomb:3   | 65777 ||| INVOKING Summon Divine Warrior.
 65784 | Tomb:3   | Killed a royal mummy
 65882 | Tomb:3   | Found the +8 demon trident "Rift" {distort, reach+}
 65965 | Tomb:3   | 65965 ||| INVOKING Cleansing Flame.
 65965 | Tomb:3   | Paralysed by a Zot trap for 3 turns
 65969 | Tomb:3   | Killed a royal mummy
 65982 | Tomb:3   | 65982 ||| INVOKING Cleansing Flame.
 66178 | Tomb:3   | Identified the amulet "Wacizox" {Spirit Fly rElec Dex+5
                  | Stlth+}
 66264 | Tomb:3   | 66264 ||| DROPPING +1 heavy broad axe.
 66297 | Tomb:3   | Identified the ring "Quorij" {Drain rC+ rN+ Str+6 Int+6}
 66333 | Tomb:3   | Noticed a royal mummy
 66334 | Tomb:3   | 66334 ||| INVOKING Summon Divine Warrior.
 66335 | Tomb:3   | 66335 ||| INVOKING Cleansing Flame.
 66342 | Tomb:3   | Killed a royal mummy
 66343 | Tomb:3   | Reached XP level 27. HP: 133/188 MP: 19/31
 66345 | Tomb:3   | 66345 ||| INVOKING Cleansing Flame.
 66345 | Tomb:3   | Noticed a royal mummy
 66347 | Tomb:3   | 66347 ||| INVOKING Cleansing Flame.
 66347 | Tomb:3   | Noticed a royal mummy
 66351 | Tomb:3   | 66351 ||| INVOKING Cleansing Flame.
 66353 | Tomb:3   | Killed a royal mummy
 66353 | Tomb:3   | Lost intelligence.
 66354 | Tomb:3   | HP: 44/188 [bennu (4)]
 66354 | Tomb:3   | HP: 20/188 [royal mummy/divine providence (13)]
 66355 | Tomb:3   | HP: 4/188 [ancient champion/+0 great sword (13)]
 66356 | Tomb:3   | HP: 1/188 [bennu (4)]
 66357 | Tomb:3   | 66357 ||| DRINKING 3 potions of heal wounds.
 66357 | Tomb:3   | Noticed a royal mummy
 66358 | Tomb:3   | 66358 ||| DRINKING 2 potions of heal wounds.
 66359 | Tomb:3   | 66359 ||| DRINKING potion of heal wounds.
 66360 | Tomb:3   | 66360 ||| INVOKING Cleansing Flame.
 66361 | Tomb:3   | 66361 ||| INVOKING Cleansing Flame.
 66361 | Tomb:3   | HP: 45/188 [something (9)]
 66362 | Tomb:3   | Reached skill level 12 in Dodging
 66362 | Tomb:3   | 66362 ||| INVOKING Cleansing Flame.
 66363 | Tomb:3   | Noticed a royal mummy
 66363 | Tomb:3   | 66363 ||| DRINKING 6 potions of magic.
 66364 | Tomb:3   | 66364 ||| INVOKING Cleansing Flame.
 66364 | Tomb:3   | Killed a royal mummy
 66364 | Tomb:3   | HP: 20/188 [??? (3)]
 66365 | Tomb:3   | 66365 ||| INVOKING Summon Divine Warrior.
 66369 | Tomb:3   | Killed a royal mummy
 66369 | Tomb:3   | HP: 16/188 [torment (2)]
 66371 | Tomb:3   | HP: 4/188 [emperor scorpion[a royal mummy] (14)]
 66371 | Tomb:3   | Killed from afar by a royal mummy

Levels and vault maps discovered:
D:1:      saegor_arrival_simple_c, layout_loops_ring
D:2:      layout_loops_ring, minmay_lizard_pond
D:3:      layout_loops_ring, biasface_ghost_orc_armoury, serial_shops, shop,
          minmay_crystal_water, eino_tiny_chamber, uniq_natasha,
          uniq_crazy_yiuf_cottage
D:4:      layout_basic, led_sif_pool, marbit_many_paths, lemuel_round_altar,
          minmay_temple_entry_purple_smoke, cheibrodos_sewer_entry_bend
D:5:      kennysheep_six_static_rooms, layout_rooms, serial_curves,
          eino_curves_03, eino_curves_03, minmay_misc_feat_columns,
          minmay_misc_feat_more_columns, minmay_shop_damaged, uniq_ijyb
D:6:      layout_layer_cave, amcnicky_altar_gilded
D:7:      layout_gridville, mainiacjoe_overflow_tiny_flanked,
          nicolae_tso_carved_into_rock, enter_bailey_3,
          nicolae_ossuary_entry_monument, chequers_serial_rivers_small_3,
          minmay_shop_enchanted_jewellery, serial_bayou_lagoon_a,
          chequers_serial_rivers_small_a, nrook_loot_triangle,
          hangedman_decor_growths, bh_walls_and_bars
D:8:      layout_layer_cave, mainiacjoe_overflow_boulevard, dpeg_oklobed_lair,
          fungi_pond_lemuel, uniq_amaemon
D:9:      layout_rooms
D:10:     hangedman_screamer, layout_loops_ring, nicolae_overflow_squiral,
          grunt_dithmenos_smoke, minmay_orc_entry_temple_small, serial_shops,
          nicolae_shop_tiny_real_fake_doors, grunt_decor_junction
D:11:     layout_rooms, serial_shops, shop, nzn_random_ring
D:12:     layout_layer_cave, serial_rivers, chequers_serial_rivers_micro_e,
          chequers_serial_rivers_micro_b, chequers_serial_rivers_room_a,
          chequers_serial_rivers_large_a, chequers_serial_rivers_micro_d,
          chequers_serial_rivers_micro_d, uniq_rupert, uniq_nergalle
D:13:     layout_irregular_city, kennysheep_flooded_box, cheibriados_altar_1
D:14:     layout_rooms, skrybe_vaults_entry_preservation
D:15:     grunt_enter_depths_hoard, layout_loops_ring,
          nicolae_wu_jian_wuxing_cycle, special_room [special_room_bee],
          nicolae_titane, uniq_kirke
Temple:   hellmonk_temple_forest_ring
Lair:1:   layout_hall_layers
Lair:2:   layout_gridlike, minmay_shattered_shrine, infiniplex_staircase_pool
Lair:3:   layout_loops_ring, nicolae_swamp_entry_spooky,
          nicolae_snake_entry_squirm
Lair:4:   nzn_winding_woodlands_small [nzn_winding_woodlands_5x15_pockets,
          nzn_winding_woodlands_center_diamonds,
          nzn_winding_woodlands_5x15_pool], layout_loops_ring,
          nicolae_volcano_entry_lava_flow, roderic_batcave
Lair:5:   due_jungle_book, layout_long_grid, nicolae_slime_entry_field_trip,
          lemuel_fruit_tree
Swamp:1:  nicolae_swamp_decorative_isthmus, layout_basic_swamp,
          evilmike_swamp_ruin_house_6, st_swamp_ruins_2
Swamp:2:  layout_basic_swamp, serial_swamp_ruin, evilmike_swamp_ruin_rubble_1,
          evilmike_swamp_ruin_house_3, evilmike_swamp_ruin_house_5
Swamp:3:  layout_basic_swamp, evilmike_swamp_ruin_house_2, swamp_pool5,
          nicolae_swamp_wisp_ring_woods, infiniplex_staircase_pool_2
Swamp:4:  byrel_swamp_growth_death_and_undeath, layout_basic_swamp
Snake:1:  layout_basic, nicolae_snake_storage_room, uniq_aizul, uniq_donald
Snake:2:  layout_concentric_octagons, minmay_shoptagon, grunt_megastairs_2,
          uniq_nikola, uniq_asterion
Snake:3:  layout_onion_interference, nicolae_snake_gridmaze_waves,
          nicolae_triple_integral, uniq_mlioglotl
Snake:4:  snake_pit_salamanders_mu, layout_misc_corridors, serial_shops,
          nicolae_shop_statue_plus, nicolae_shop_hallway_stairs,
          grunt_ministairs_9
Orc:1:    layout_caves, hellmonk_ghost_happy_afterlife, guppyfry_library_mini,
          uniq_jorgrun
Orc:2:    grunt_orc_community_town_hall, layout_diamond_mine,
          grunt_orc_community_big_house_1, grunt_orc_community_big_house_1,
          grunt_orc_community_house_2, grunt_orc_community_house_1,
          grunt_orc_community_house_1, grunt_orc_community_house_3,
          grunt_orc_community_house_2
Vaults:1: nicolae_vaults_gold_heap, v_rooms_6, nicolae_vaults_house_3,
          v_misc_22, nicolae_vaults_offset_grid_hallway_3,
          nicolae_vaults_security_offices_3, nicolae_vaults_big_ls,
          nicolae_vaults_storage_closets_2, grunt_vaults_hallway_long, v_misc_4,
          layout_vaults_omnibox
Vaults:2: nicolae_vaults_network_barrier, nicolae_vaults_steering_wheel,
          nicolae_vaults_ninety_degrees, vaults_room_grid,
          layout_vaults_omnigrid, serial_shops, shop
Vaults:3: vaults_room_glass_cross, minmay_crypt_entry_simple_plaza,
          nicolae_vaults_octothorpe, v_misc_30, hangedman_vaults_maws,
          hangedman_vaults_stitches, v_misc_8, nicolae_vaults_triangles,
          v_alt_pattern_2, nicolae_vaults_little_squares_2,
          nicolae_vaults_shrinking_rooms_1, vaults_dpeg_cross,
          layout_vaults_maze
Vaults:4: nicolae_vaults_prndl, nicolae_vaults_shelves_hall,
          vaults_room_corners, v_alt_pattern_6, hangedman_vaults_pinch,
          nicolae_vaults_network_square, nicolae_vaults_trapezoid_lopsided_2,
          grunt_vaults_focal, vaults_mumra_chevron, vaults_room_door_ring,
          nicolae_vaults_library_corner, nicolae_vaults_layer_cake_slice,
          nicolae_vaults_ellipses_ellipsis, nicolae_vaults_surprise_closet,
          layout_vaults_ring
Vaults:5: uniq_mara, uniq_margery
Crypt:1:  layout_catacombs
Crypt:2:  layout_gridlike, grunt_megastairs_3, uniq_vv
Crypt:3:  david_glass_crypt, layout_misc_corridors, tomb_entry_sphere_bobbens,
          st_stairs_4, grunt_ministairs_7, palyth_stone_intersect
Tomb:1
Tomb:2
Tomb:3
Depths:1: layout_gridville, abyss_entry, serial_rivers,
          chequers_serial_rivers_room_b, chequers_serial_rivers_marsh,
          chequers_serial_rivers_large_b, chequers_serial_rivers_micro_e,
          serial_shops, nicolae_shop_tiny_statue_garden, grunt_metal_band,
          serial_bayou_pond_d, hangedman_abyss_or_decor_stabs,
          nicolae_island_escapes
Depths:2: minmay_imperfect_grid, layout_gridlike, pan_entry, abyss_entry,
          grunt_hell_entry_dis_old, infiniplex_staircase_pillars_1
Depths:3: lightli_eight_chambers, layout_basic, enter_ziggurat_b, abyss_entry,
          kennysheep_minor_cross, hangedman_coc_ice_floe
Depths:4: grunt_zot_entry_bicorn, layout_gridlike, serial_sigils_hangedman_snap,
          hell_entry
Zot:1:    layout_concentric_octagons, lemuel_baited_zot_trap
Zot:2:    layout_cellular_growth, uniq_josephina
Zot:3:    layout_gridlike
Zot:4:    layout_gridlike

Skill      XL: |  1  2  3  4  5  6  7  8  9 10 11 12 13 14 15 16 17 18 19 20 21 22 23 24 25 26 27 |
---------------+----------------------------------------------------------------------------------+-----
Axes           | 2 3 4 5 6 7 8 10 11 13 14 16 17 18 | 18.0
Throwing       | 1 2 3 4 5 7 8 9 10 11 12 | 12.7
Fighting       | 4 5 6 7 8 9 11 12 13 14 15 16 18 19 20 22 23 | 23.0
Dodging        | 1 2 3 4 5 6 8 9 10 11 12 | 12.0
Invocations    | 2 4 8 10 11 15 17 | 17.0
Shields        | 5 8 9 10 12 13 15 17 18 19 20 21 | 21.7
Armour         | 5 6 7 8 10 11 13 16 18 19 21 22 24 25 | 25.6

Action                     |  1- 3 |  4- 6 |  7- 9 | 10-12 | 13-15 | 16-18 | 19-21 | 22-24 | 25-27 || total
---------------------------+-------+-------+-------+-------+-------+-------+-------+-------+-------++-------
  Melee: War axe           |   118 |   108 |   171 |   224 |    34 |       |       |   123 |  1002 ||  1780
         Demon whip        |       |       |       |    33 |    45 |     5 |       |       |       ||    83
         Broad axe         |       |       |       |       |   661 |  1534 |  1730 |  1592 |   548 ||  6065
         Hand axe          |       |       |       |       |       |       |       |   117 |       ||   117
         Bite              |       |       |       |       |       |       |       |    60 |   363 ||   423
  Throw: Javelin           |     1 |    36 |    45 |    44 |    50 |   122 |   107 |   129 |   118 ||   652
         Boomerang         |       |       |       |       |    58 |    55 |    74 |    87 |    63 ||   337
 Invoke: Heroism           |       |       |     9 |    22 |    27 |    44 |    17 |    44 |       ||   163
         Finesse           |       |       |       |       |     8 |     2 |    12 |     3 |       ||    25
         Cleansing Flame   |       |       |       |       |       |       |       |       |    78 ||    78
         Summon Divine War |       |       |       |       |       |       |       |       |    22 ||    22
         Brand Weapon With |       |       |       |       |       |       |       |       |     1 ||     1
    Use: Scroll            |     3 |     6 |    12 |     5 |    10 |     9 |     2 |    11 |     4 ||    62
         Potion            |       |     2 |     5 |     1 |     1 |     4 |     1 |     2 |    21 ||    37
   Stab: Distracted        |       |       |       |       |       |     1 |       |       |       ||     1
 Armour: Scale mail        |    55 |    22 |       |       |       |       |       |       |       ||    77
         Chain mail        |       |    38 |    44 |       |       |       |       |       |       ||    82
         Plate armour      |       |       |    73 |   202 |   419 |   235 |       |       |       ||   929
         Crystal plate arm |       |       |       |       |       |   339 |   913 |   653 |   581 ||  2486
  Dodge: Dodged            |    83 |    87 |   163 |   165 |   323 |   474 |   694 |   738 |   512 ||  3239
         Repelled          |       |       |       |       |       |       |     8 |    38 |     7 ||    53
  Block: Buckler           |    26 |    15 |    22 |       |       |       |       |       |       ||    63
         Kite shield       |       |       |    77 |   188 |   428 |   500 |       |       |       ||  1193
         Reflection        |       |       |       |       |     9 |   100 |    83 |    34 |    46 ||   272
         Tower shield      |       |       |       |       |       |  1002 |  1926 |  2079 |  1994 ||  7001

Table legend:
 A = Non-vault XP
 B = Vault XP
 C = Vault XP percentage of total XP
 D = Non-vault monster count
 E = Vault monster count
 F = Vault count percentage of total count
                 A         B        C        D         E       F
            +---------+---------+-------+---------+---------+-------
      Total |  651497 |  611476 |  48.4 |    1228 |     876 |  41.6
            +---------+---------+-------+---------+---------+-------
        D:1 |      42 |       0 |   0.0 |      24 |       0 |   0.0
        D:2 |      58 |       5 |   7.9 |      14 |       5 |  26.3
        D:3 |      97 |      36 |  27.1 |      13 |       1 |   7.1
        D:4 |     313 |      16 |   4.9 |      20 |       4 |  16.7
        D:5 |     483 |     244 |  33.6 |      15 |       7 |  31.8
        D:6 |     682 |       0 |   0.0 |      15 |       0 |   0.0
        D:7 |     974 |       7 |   0.7 |      14 |       4 |  22.2
        D:8 |    1902 |    1218 |  39.0 |      20 |       2 |   9.1
        D:9 |    1978 |       0 |   0.0 |      13 |       0 |   0.0
       D:10 |    1932 |    8552 |  81.6 |       6 |      40 |  87.0
       D:11 |    3943 |    5402 |  57.8 |      15 |      19 |  55.9
       D:12 |    6292 |    2610 |  29.3 |      26 |       2 |   7.1
       D:13 |    5684 |       0 |   0.0 |      12 |       0 |   0.0
       D:14 |    9253 |    3847 |  29.4 |      15 |       9 |  37.5
       D:15 |   12288 |    5455 |  30.7 |      28 |      23 |  45.1
     Lair:1 |    4390 |       0 |   0.0 |      18 |       0 |   0.0
     Lair:2 |    2973 |    5445 |  64.7 |      10 |      13 |  56.5
     Lair:3 |    7127 |    2515 |  26.1 |      26 |       8 |  23.5
     Lair:4 |   12308 |    2332 |  15.9 |      35 |      12 |  25.5
     Lair:5 |    6307 |   19375 |  75.4 |      22 |      36 |  62.1
    Swamp:1 |   11417 |    2949 |  20.5 |      24 |       5 |  17.2
    Swamp:2 |   13513 |       0 |   0.0 |      26 |       0 |   0.0
    Swamp:3 |   13801 |    2499 |  15.3 |      26 |       7 |  21.2
    Swamp:4 |    9785 |   23982 |  71.0 |      20 |      41 |  67.2
    Snake:1 |   18623 |   18141 |  49.3 |      38 |      30 |  44.1
    Snake:2 |   10329 |    4979 |  32.5 |      21 |       4 |  16.0
    Snake:3 |    8914 |    1771 |  16.6 |      16 |       1 |   5.9
    Snake:4 |   25696 |   27231 |  51.5 |      54 |      44 |  44.9
      Orc:1 |    2883 |    2657 |  48.0 |      39 |      10 |  20.4
      Orc:2 |    1884 |    7964 |  80.9 |      38 |      71 |  65.1
   Vaults:1 |   15037 |   22276 |  59.7 |      23 |      31 |  57.4
   Vaults:2 |   32838 |    7403 |  18.4 |      46 |       8 |  14.8
   Vaults:3 |   39047 |   27708 |  41.5 |      58 |      33 |  36.3
   Vaults:4 |   16854 |   24841 |  59.6 |      23 |      33 |  58.9
   Vaults:5 |   14769 |   93504 |  86.4 |      19 |      81 |  81.0
    Crypt:1 |   25573 |       0 |   0.0 |      42 |       0 |   0.0
    Crypt:2 |   23525 |    8027 |  25.4 |      38 |       9 |  19.1
    Crypt:3 |   18123 |   20842 |  53.5 |      21 |      29 |  58.0
     Tomb:1 |   18253 |   99801 |  84.5 |      31 |      64 |  67.4
     Tomb:2 |    6467 |   35040 |  84.4 |      27 |      58 |  68.2
     Tomb:3 |   16624 |   69731 |  80.7 |      29 |      69 |  70.4
   Depths:1 |   19115 |    5599 |  22.7 |      21 |       8 |  27.6
   Depths:2 |   17539 |   24932 |  58.7 |      18 |      24 |  57.1
   Depths:3 |   13444 |       0 |   0.0 |      18 |       0 |   0.0
   Depths:4 |   17533 |   17528 |  50.0 |      18 |      14 |  43.8
      Zot:1 |   43492 |       0 |   0.0 |      38 |       0 |   0.0
      Zot:2 |   50036 |    4461 |   8.2 |      40 |       6 |  13.0
      Zot:3 |   40063 |       0 |   0.0 |      35 |       0 |   0.0
      Zot:4 |   27294 |       0 |   0.0 |      20 |       0 |   0.0
    Ossuary |       0 |     551 | 100.0 |       0 |      11 | 100.0
            +---------+---------+-------+---------+---------+-------
